 Dungeon Crawl Stone Soup version 0.31.0-11-ge490571c62 (webtiles) character file.

Game seed: 13177838450547479712

7473523 yetimobile the Archmage (level 27, 137/137 HPs)
             Began as a Deep Elf Summoner on Jan 29, 2024.
             Was the Champion of Sif Muna.
             Escaped with the Orb
             ... and 11 runes on Feb 3, 2024!
             The game lasted 11:28:55 (125625 turns).

yetimobile the Archmage (Deep Elf Summoner)       Turns: 125625, Time: 11:28:55

Health: 137/137    AC: 26    Str:  8    XL:     27
Magic:  25/84      EV: 28    Int: 36    God:    Sif Muna [******]
Gold:   11208      SH: 25    Dex: 28    Spells: 0/80 levels left

rFire   + + +        b - +9 demon blade (elec)
rCold   + . .        e - +5 kite shield {reflect}
rNeg    + + .        k - +3 ring mail of Biuzut {rPois rC+}
rPois   +            w - +3 hat of Pondering {ponderous, Will+ MP+10 Int+5}
rElec   +            S - +4 dragonskin cloak
rCorr   +            R - +2 pair of gloves "Peelofov" {rElec MP+9}
SInv    .            K - +0 pair of boots of Woec {^Contam rF++ rCorr MP+9}
Will    +++..        d - amulet "Aleolimu" {Spirit rN++ Dex+3}
Stlth   ++           Z - ring of the Mage {Wiz Archmagi}
HPRegen 0.42/turn    C - ring "Usoseng" {rF+ Str+6 Int-3 Dex+6}
MPRegen 0.49/turn

%: reflection, guardian spirit, wizardry (x1), archmagi
@: studying 3 skills, slow
A: antennae 1, claws 1, iridescent scales 1, large bone plates 1, agile 1, frail
2, screaming 1, weak 1, MP-powered wands
0: Orb of Zot
}: 11/15 runes: decaying, slimy, silver, golden, abyssal, demonic, glowing,
magical, fiery, dark, gossamer
a: Renounce Religion, Channel Magic, Forget Spell, Divine Exegesis


You escaped.
You worshipped Sif Muna.
Sif Muna was exalted by your worship.
You visited 13 branches of the dungeon, and saw 59 of its levels.
You visited Pandemonium 3 times, and saw 12 of its levels.
You visited the Abyss 6 times.
You visited 1 bazaar.
You visited 2 ziggurats (completing 1), and saw 37 of their levels.
You also visited: Bailey.

You collected 14570 gold pieces.
You spent 3362 gold pieces at shops.

Inventory:

Hand Weapons
 a - the +3 Elemental Staff {ele, rElec rF+ rC+ AC+3}
   (You found it on level 22 of a ziggurat)

   AC+3:      It affects your AC (+3).
   rF+:       It protects you from fire.
   rC+:       It protects you from cold.
   rElec:     It insulates you from electricity.
 b - a +9 demon blade of electrocution (weapon)
 v - the +10 zealot's sword {holy, Zealotry, *Rage rN+ EV+3}
   (You found it on level 3 of the Tomb of the Ancients)

   Zealotry:  Whenever the wielder enters a berserk rage, their allies are
   berserked alongside them.
   EV+3:      It affects your evasion (+3).
   rN+:       It protects you from negative energy.
   *Rage:     It berserks you when you make melee attacks (+20% chance).
 N - the +7 hand cannon "Mule" {flame, backblast, rF+}
   (You found it on level 14 of a ziggurat)

   rF+:       It protects you from fire.
Missiles
 W - 23 silver javelins
Armour
 e - a +5 kite shield of reflection (worn)
 k - the +3 ring mail of Biuzut (worn) {rPois rC+}
   (You found it on level 13 of a ziggurat)

   rC+:       It protects you from cold.
   rPois:     It protects you from poison
 w - the +3 hat of Pondering (worn) {ponderous, Will+ MP+10 Int+5}
   (You took it off Gastronok on level 1 of the Lair of Beasts)

   Int+5:     It affects your intelligence (+5).
   Will+:     It increases your willpower.
   MP+10:     It affects your magic capacity (+10).
 x - the +2 pair of gloves of the Hidden Vale {rF+ Will++}
   (You found it on level 12 of a ziggurat)

   rF+:       It protects you from fire.
   Will++:    It greatly increases your willpower.
 A - the +2 pair of boots of Hosm {rC+ Int+5}
   (You found it in Pandemonium)

   Int+5:     It affects your intelligence (+5).
   rC+:       It protects you from cold.
 K - the +0 pair of boots of Woec (worn) {^Contam rF++ rCorr MP+9}
   (You found it on level 2 of the Realm of Zot)

   rF++:      It greatly protects you from fire.
   MP+9:      It affects your magic capacity (+9).
   ^Contam:   It causes magical contamination when unequipped.
   rCorr:     It protects you from acid and corrosion.
 L - the +1 robe of the Distant Future {rElec rPois rC+ Int+4}
   (You found it on level 3 of the Lair of Beasts)

   Int+4:     It affects your intelligence (+4).
   rC+:       It protects you from cold.
   rElec:     It insulates you from electricity.
   rPois:     It protects you from poison
 Q - the +2 pair of boots "Ketwoumm" {Int+6 Slay+5}
   (You found it on level 23 of a ziggurat)

   Int+6:     It affects your intelligence (+6).
   Slay+5:    It affects your accuracy & damage with ranged weapons and melee
   (+5).
 R - the +2 pair of gloves "Peelofov" (worn) {rElec MP+9}
   (You found it on level 15 of a ziggurat)

   rElec:     It insulates you from electricity.
   MP+9:      It affects your magic capacity (+9).
 S - the +4 dragonskin cloak (worn)
   (You took it off Tiamat on level 1 of the Realm of Zot)

   Avatar's Aegis: It grants the wearer a chance to resist fire, cold, poison,
   electricity, acid, and negative energy.
Magical Staves
 c - the staff of the Warrior-Mage {rF+ rC+ MP+9 Fire}
   (You found it on level 16 of a ziggurat)

   [staff of fire]

   Base accuracy: +5 Base damage: 5 Base attack delay: 1.2 This weapon's minimum
   attack delay (0.6) is reached at skill level 12.
   rF+:       It protects you from fire.
   rC+:       It protects you from cold.
   MP+9:      It affects your magic capacity (+9).
   Fire:      It increases the power of your Fire spells.
   It falls into the 'Staves' category.
   It is a one-handed weapon.
 o - the staff of Healua {rF- rN+ rCorr Str+5 Summ Necro}
   (You found it on level 3 of the Tomb of the Ancients)

   [staff of death]

   Base accuracy: +5 Base damage: 5 Base attack delay: 1.2 This weapon's minimum
   attack delay (0.6) is reached at skill level 12.
   Str+5:     It affects your strength (+5).
   rF-:       It makes you vulnerable to fire.
   rN+:       It protects you from negative energy.
   rCorr:     It protects you from acid and corrosion.
   Summ:      It increases the power of your Summonings spells.
   Necro:     It increases the power of your Necromancy spells.
   It falls into the 'Staves' category.
   It is a one-handed weapon.
Jewellery
 d - the amulet "Aleolimu" (around neck) {Spirit rN++ Dex+3}
   (You acquired it on level 15 of the Dungeon)

   [amulet of guardian spirit]

   Spirit:    It causes incoming damage to be divided between your reserves of
   health and magic.
   Dex+3:     It affects your dexterity (+3).
   rN++:      It greatly protects you from negative energy.
 n - the amulet of the Sky {Acrobat rF+ rC+ Int+3}
   (You found it on level 2 of the Dungeon)

   [amulet of the acrobat]

   Acrobat:   It increases your evasion while moving and waiting.
   Int+3:     It affects your intelligence (+3).
   rF+:       It protects you from fire.
   rC+:       It protects you from cold.
 C - the ring "Usoseng" (right hand) {rF+ Str+6 Int-3 Dex+6}
   (You found it on level 11 of the Dungeon)

   [ring of dexterity]

   Str+6:     It affects your strength (+6).
   Int-3:     It affects your intelligence (-3).
   Dex+6:     It affects your dexterity (+6).
   rF+:       It protects you from fire.
 D - the ring "Apaatyuc" {Int+6 Dex+4}
   (You bought it in a shop on level 14 of the Dungeon)

   [ring of intelligence]

   Int+6:     It affects your intelligence (+6).
   Dex+4:     It affects your dexterity (+4).
 H - the ring of the Dull God {rF+ rN++ Will+ Stlth-}
   (You found it on level 25 of a ziggurat)

   [ring of willpower]

   rF+:       It protects you from fire.
   rN++:      It greatly protects you from negative energy.
   Will+:     It increases your willpower.
   Stlth-:    It makes you less stealthy.
 Z - the ring of the Mage (left hand) {Wiz Archmagi}
   (You found it on level 3 of the Depths)

   [ring of wizardry]

   Wiz:       It improves your spell success rate.
   Archmagi:  It increases the power of your magical spells.
Wands
 q - a wand of acid (136)
 u - a wand of digging (28)
 G - a wand of mindburst (118)
 I - a wand of roots (186)
Scrolls
 h - 5 scrolls of revelation
 j - 45 scrolls of teleportation
 l - 8 scrolls of blinking
 r - 19 scrolls of fear
 s - 21 scrolls of immolation {!r}
 z - 2 scrolls of butterflies
 E - 3 scrolls of amnesia
 M - 4 scrolls of silence
 O - 23 scrolls of fog
Potions
 f - 13 potions of heal wounds
 g - 7 potions of ambrosia
 i - 5 potions of invisibility
 p - 12 potions of brilliance
 y - 2 potions of mutation {!q}
 B - 5 potions of magic
 F - 7 potions of lignification {!q}
 T - 7 potions of resistance
 V - 6 potions of haste
 X - 29 potions of curing
 Y - 2 potions of cancellation
Miscellaneous
 m - a phial of floods
 t - a phantom mirror
 J - a lightning rod (4/4)
 P - a condenser vane
 U - a sack of spiders


   Skills:
 - Level 17.6 Fighting
 - Level 14.0 Long Blades
 + Level 19.4 Ranged Weapons
 - Level 14.1 Throwing
 - Level 13.1 Armour
 - Level 23.3 Dodging
 - Level 14.1 Stealth
 - Level 15.9 Shields
 O Level 27 Spellcasting
 - Level 4.0 Hexes
 - Level 25.1 Summonings
 - Level 25.6 Necromancy
 - Level 25.0 Fire Magic
 + Level 19.4 Ice Magic
 - Level 22.1 Air Magic
 - Level 5.4 Alchemy
 - Level 17.1 Invocations
 - Level 22.0 Evocations


You couldn't memorise any spells.
You knew the following spells:

 Your Spells              Type           Power      Damage    Failure   Level
a - Apportation           Tloc           100%       N/A       1%          1
c - Dragon's Call         Summ           74%        N/A       2%          9
d - Death Channel         Necr           74%        N/A       0%          6
i - Swiftness             Air            100%       N/A       0%          3
l - Maxwell's Capacitive  Air            71%        death     1%          8
n - Ignition              Fire           74%        3d19      1%          8
p - Passage of Golubria   Tloc           64%        N/A       9%          4
s - Summon Horrible Thin  Summ           74%        N/A       1%          8
t - Haunt                 Necr/Summ      74%        N/A       1%          7
A - Anguish               Hex/Necr       62%        N/A       1%          4
D - Death's Door          Necr           74%        N/A       2%          9
X - Yara's Violent Unrav  Hex/Alch       44%        3d17      3%          5
Z - Infestation           Necr           74%        N/A       1%          8

Your spell library contained the following spells:

 Spells                   Type           Power      Damage    Failure   Level
 Foxfire                  Conj/Fire      100%       2x1d9     0%          1
 Freeze                   Ice            100%       1d10      0%          1
 Kiss of Death            Conj/Necr      100%       2d13      0%          1
 Necrotise                Necr           100%       1d9       0%          1
 Shock                    Conj/Air       100%       1d9       0%          1
 Summon Small Mammal      Summ           100%       N/A       0%          1
 Call Imp                 Summ           100%       N/A       0%          2
 Cigotuvi's Dreadful Rot  Necr/Alch/Air  100%       N/A       0%          2
 Mercury Vapours          Alch/Air       100%       N/A       0%          2
 Scorch                   Fire           100%       2d9       0%          2
 Sublimation of Blood     Necr           100%       N/A       0%          2
 Call Canine Familiar     Summ           100%       N/A       0%          3
 Frozen Ramparts          Ice            100%       1d16      0%          3
 Fugue of the Fallen      Necr           100%       N/A       0%          3
 Inner Flame              Hex/Fire       100%       N/A       0%          3
 Ozocubu's Armour         Ice            100%       N/A       0%          3
 Summon Ice Beast         Ice/Summ       100%       N/A       0%          3
 Vampiric Draining        Necr           100%       2d13      0%          3
 Airstrike                Air            71%        2d(11-27) 0%          4
 Animate Dead             Necr           100%       N/A       0%          4
 Dispel Undead            Necr           100%       3d31      0%          4
 Martyr's Knell           Necr/Summ      100%       N/A       0%          4
 Summon Blazeheart Golem  Fire/Summ      100%       N/A       0%          4
 Summon Lightning Spire   Summ/Air       100%       N/A       0%          4
 Curse of Agony           Necr           100%       N/A       0%          5
 Plasma Beam              Fire/Air       72%        2x1d89    0%          6
 Summon Cactus Giant      Summ           74%        N/A       0%          6
 Magic Dart               Conj           100%       1d8       1%          1
 Sandblast                Erth           100%       2d20      1%          1
 Slow                     Hex            100%       N/A       1%          1
 Sting                    Conj/Alch      100%       1d9       1%          1
 Blink                    Tloc           100%       N/A       1%          2
 Ensorcelled Hibernation  Hex/Ice        100%       N/A       1%          2
 Jinxbite                 Hex            100%       N/A       1%          2
 Lesser Beckoning         Tloc           100%       N/A       1%          2
 Momentum Strike          Conj/Tloc      100%       3d10      1%          2
 Searing Ray              Conj           100%       2d8       1%          2
 Static Discharge         Conj/Air       100%       3-8/arc   1%          2
 Confusing Touch          Hex            86%        N/A       1%          3
 Dazzling Flash           Conj/Hex       100%       N/A       1%          3
 Hailstorm                Conj/Ice       100%       3d16      1%          3
 Mephitic Cloud           Conj/Alch/Air  100%       N/A       1%          3
 Sigil of Binding         Hex            86%        N/A       1%          3
 Tukima's Dance           Hex            86%        N/A       1%          3
 Volatile Blastmotes      Fire/Tloc      100%       2d18      1%          3
 Animate Armour           Summ/Erth      100%       N/A       1%          4
 Cause Fear               Hex            43%        N/A       1%          4
 Flame Wave               Conj/Fire      100%       2d21      1%          4
 Ignite Poison            Fire/Alch      100%       N/A       1%          4
 Olgreb's Toxic Radiance  Alch           92%        N/A       1%          4
 Sticky Flame             Fire/Alch      100%       2d15      1%          4
 Vhi's Electric Charge    Tloc/Air       100%       N/A       1%          4
 Arcjolt                  Conj/Air       56%        1d66      1%          5
 Borgnjor's Vile Clutch   Necr/Erth      59%        N/A       1%          5
 Fireball                 Conj/Fire      59%        3d23      1%          5
 Freezing Cloud           Conj/Ice/Air   61%        6-21      1%          5
 Metabolic Englaciation   Hex/Ice        57%        N/A       1%          5
 Silence                  Hex/Air        60%        N/A       1%          5
 Summon Forest            Summ/Tloc      59%        N/A       1%          5
 Summon Mana Viper        Hex/Summ       100%       N/A       1%          5
 Conjure Ball Lightning   Conj/Air       56%        3x3d20    1%          6
 Sculpt Simulacrum        Ice/Alch       59%        N/A       1%          6
 Starburst                Conj/Fire      59%        6d16      1%          6
 Monstrous Menagerie      Summ           74%        N/A       1%          7
 Ozocubu's Refrigeration  Ice            68%        4d22      1%          7
 Summon Hydra             Summ           74%        N/A       1%          7
 Borgnjor's Revivificati  Necr           74%        N/A       1%          8
 Gell's Gravitas          Tloc           64%        N/A       2%          3
 Passwall                 Erth           64%        N/A       2%          3
 Stone Arrow              Conj/Erth      100%       3d13      2%          3
 Teleport Other           Tloc           64%        N/A       2%          3
 Fulminant Prism          Conj/Alch      40%        3d19      2%          4
 Leda's Liquefaction      Alch/Erth      40%        N/A       2%          4
 Petrify                  Alch/Erth      80%        N/A       2%          4
 Alistair's Intoxication  Alch           61%        N/A       2%          5
 Dimensional Bullseye     Hex/Tloc       38%        N/A       3%          4
 Malign Gateway           Summ/Tloc      59%        N/A       4%          7
 Spellforged Servitor     Conj/Summ      59%        N/A       4%          7
 Irradiate                Conj/Alch      40%        3d25      8%          5
 Brom's Barrelling Bould  Conj/Erth      64%        2d8       9%          4
 Iskenderun's Mystic Bla  Conj/Tloc      64%        2d13      9%          4
 Manifold Assault         Tloc           64%        N/A       9%          4
 Eringya's Noxious Bog    Alch           46%        4d6       13%         6
 Iskenderun's Battlesphe  Conj           64%        2d11      22%         5
 Lee's Rapid Deconstruct  Erth           32%        3d16*     22%         5
 Polar Vortex             Ice            68%        12d9*     26%         9
 Bombard                  Conj/Erth      32%        9d6       73%         6
 Dispersal                Tloc           32%        N/A       73%         6
 Enfeeble                 Hex            43%        N/A       75%         7
 Orb of Destruction       Conj           32%        9d10      99%         7
 Fire Storm               Conj/Fire      59%        8d15      99%         9
 Discord                  Hex            43%        N/A       100%        8
 Disjunction              Tloc           32%        N/A       100%        8
 Lehudib's Crystal Spear  Conj/Erth      32%        10d8      100%        8
 Chain Lightning          Conj/Air       56%        3d75      100%        9
 Shatter                  Erth           32%        3d26*     100%        9


Dungeon Overview and Level Annotations

Branches:
Dungeon (15/15)            Temple (0/1) D:6            Lair (5/5) D:11
  Swamp (4/4) Lair:3       Spider (4/4) Lair:2        Slime (5/5) Lair:4
    Orc (2/2) D:9             Elf (3/3) Orc:2        Vaults (5/5) D:13
  Crypt (3/3) Vaults:2       Tomb (3/3) Crypt:3      Depths (4/4) D:15
   Hell (visited)             Dis (0/7) Hell            Geh (0/7) Hell
    Coc (0/7) Hell            Tar (0/7) Hell            Zot (5/5) Depths:4
 Bailey (visited)

Altars:
Cheibriados
Dithmenos
Elyvilon
Fedhas
Gozag
Kikubaaqudgha
Nemelex Xobeh
Qazlal
Ru
Sif Muna
Trog
Uskayaw
Vehumet
Wu Jian
Xom
Yredelemnul
Zin
The Shining One
Jiyva
Lugonu

Shops:
D:3 *   D:8 *   D:11 *   D:14 =   Orc:2 !([[   Elf:1 (   Vaults:1 [(=[!
Vaults:3 (   Zot:5 *   Depths:1 [

Portals:
Hell: Depths:1 Depths:2 Depths:3 Depths:4
Abyss: Lair:5 Depths:3
Pandemonium: Depths:2
Ziggurat: Depths:1

Annotations:
D:7 exclusion: door
D:8 Joseph
Spider:3 exclusion: downstairs
Crypt:3 exclusions: door and 1 more exclusion
Depths:3 3 transporters
Zot:3 2 transporters, wilo's ghost, master MfBe


Innate Abilities, Weirdness & Mutations

You have a pair of small antennae on your head.
You have sharp fingernails.
You are partially covered in iridescent scales. (AC +2)
You are partially covered in large bone plates. (SH +4)
You are agile. (Dex +4, Str/Int -1)
You are very frail. (-20% HP)
You occasionally shout uncontrollably at your foes.
You are weak. (Str -2)
You expend magic power (3 MP) to strengthen your wands.


Message History

Ytiduob hits your iron dragon!! Ytiduob freezes your iron dragon.
The roar of the dragon horde subsides.
Your iron dragon bites Ytiduob!!
Your iron dragon claws Ytiduob!
The sun demon hits your iron dragon!
Your iron dragon is engulfed in flames.
The sun demon hits your iron dragon.
Your iron dragon is engulfed in flames!
Your iron dragon bites Ytiduob!!
Your iron dragon claws Ytiduob.
Your iron dragon tramples the sun demon.
The sun demon is shoved backwards!
The sun demon hits your iron dragon!
Your iron dragon is engulfed in flames!
Your iron dragon breathes metal splinters at Ytiduob.
The spray of metal splinters hits Ytiduob!!
Your iron dragon breathes metal splinters at the sun demon.
The spray of metal splinters hits the sun demon but does no damage.
Confirm with . or Enter, or press ? or * to list all spells.
You feel a surge of power!
You begin accumulating electric charge. (Press . to continue charging.)
You feel charge building up...
Your iron dragon breathes metal splinters at Ytiduob.
The spray of metal splinters hits Ytiduob!!!
Ytiduob dies!
Sif Muna accepts your kill.
Your iron dragon bites the sun demon!
Your iron dragon tramples the sun demon!
The sun demon is shoved backwards!
The sun demon dies!
Sif Muna accepts your kill.
You feel charge building up... Something hits your iron dragon!!
You feel charge building up...
Your iron dragon bites something.
Your iron dragon claws something!
Your iron dragon tramples something!
Your charge dissipates without a target.
Your iron dragon breathes metal splinters at thin air.
The spray of metal splinters hits something!!
Your iron dragon breathes metal splinters at thin air.
The spray of metal splinters hits something!!!
Sif Muna accepts your kill.
You feel a bit more experienced.
You can once more reach out to the dragon horde.
There is a staircase leading out of the dungeon here.
Okay, then.
You have escaped!

#...#.#
#.##.#
#...#.#
#.##.#
#...#.#
#.##.#
#.#.#.#
#.##.#
#.#.###
#.##.#
#...#
#.##.#
#...#
#.##.#
#...#
#.##.##
#.e.#
#......
#####
####.##
#.##
#...
#.##
###


There were no monsters in sight!

Vanquished Creatures
  Cerebov (Pan)
  the Royal Jelly (Slime:5)
  Lom Lobon (Pan)
  2 dread liches (Zig:26)
  Frederick (Vaults:3)
  9 ancient liches
  16 royal mummies
  9 pandemonium lords
  2 Killer Klowns (Zig:11)
  4 shard shrikes
  2 golden dragons (Zig:23)
  A bone dragon (Zot:4)
  2 Brimstone Fiends
  18 Ice Fiends
  8 liches
  2 tentacled monstrosities
  3 deep elf blademasters
  5 quicksilver dragons
  An Orb Guardian (Depths:4)
  Asterion (Depths:1)
  5 walking frostbound tomes
  4 acid blobs (Slime:5)
  2 death cobs
  13 deep elf master archers
  3 titans
  4 Executioners
  3 tentacled starspawn (Abyss:3)
  5 ancient champions
  2 searing wretches (Zig:4)
  2 thorn hunters (Zig:17)
  5 tengu reavers
  11 protean progenitors
  3 revenants
  5 storm dragons
  5 shadow dragons
  4 draconian monks
  4 fenstrider witches
  A fire giant (Zig:4)
  8 frost giants
  A rockslime (Slime:5)
  2 demonspawn warmongers (Zig:18)
  3 draconian shifters
  14 draconian knights
  5 iron dragons
  4 narguns (Zig:16)
  17 azure jellies
  21 nagarajas
  3 draconian scorchers
  4 vault wardens
  3 deep elf sorcerers
  8 ghost moths
  7 orc warlords
  7 curse skulls (Zig:26)
  5 balrugs
  5 emperor scorpions
  2 cacodemons (Pan)
  2 ghouls
  9 draconian annihilators
  3 draconian stormcallers
  8 reapers
  6 demonspawn corrupters
  A quicksilver ooze (shapeshifter) (Zig:11)
  9 very ugly things
  A demonspawn blood saint (Pan)
  3 quicksilver oozes (Slime:5)
  3 caustic shrike skeletons
  A spriggan defender (Depths:4)
  An ironbound thunderhulk (Vaults:3)
  5 stone giants
  A stone giant (shapeshifter) (Zig:10)
  2 juggernaut skeletons
  2 broodmothers
  A bunyip (Zig:14)
  4 green draconians
  6 white draconians
  5 eleionomae
  A formless jellyfish (Slime:5)
  7 vampire knights
  9 deep elf annihilators
  4 deep elf death magi
  A bennu (Tomb:2)
  3 lorocyprocas
  A spark wasp (Zig:10)
  4 war gargoyles
  A yellow draconian (Zot:1)
  4 wendigos (Zig:16)
  4 black draconians
  4 deep elf demonologists
  6 purple draconians
  6 demonspawn black suns
  A red draconian (Zot:1)
  6 green deaths
  7 eidola (Zig:26)
  A crystal guardian (Zig:8)
  An ettin (Depths:4)
  A shambling mangrove (Zig:17)
  9 merfolk javelineers
  10 mummy priests
  A fire dragon (Zig:23)
  7 deep elf high priests
  14 yaktaur captains
  9 blizzard demons
  4 salamander tyrants (Zig:25)
  2 rakshasas (Pan)
  2 great orbs of eyes (Slime:5)
  24 vault guards (Vaults:5)
  5 hell beasts
  5 hydras
  A juggernaut simulacrum (Zig:24)
  An ice dragon (Zig:23)
  9 entropy weavers
  6 ironbound frosthearts
  A catoblepas (shapeshifter) (Zig:11)
  2 spriggan air magi
  A radroach (Zig:7)
  6 caustic shrike simulacra
  2 centaur warriors (Zig:27)
  A ghost crab (Zig:17)
  A merfolk aquamancer (Zig:3)
  2 ogre magi (Zig:22)
  7 satyrs (Zig:27)
  3 dancing weapons (Pan)
  An alligator (Zig:14)
  An alligator snapping turtle (shapeshifter) (Zig:10)
  4 two-headed ogres
  2 death scarabs (Zig:21)
  2 jorogumos
  A demonic crawler (Zig:6)
  2 death yaks (Zig:5)
  A sphinx skeleton (Zig:21)
  A tengu warrior (Depths:4)
  6 vampire magi
  3 deep troll shamans
  6 orc high priests
  3 boulder beetles
  10 naga sharpshooters
  3 spriggan berserkers
  An occultist (Zig:22)
  7 soul eaters
  2 thrashing horrors (Abyss:3)
  3 deep elf knights
  11 sun demons
  A deep troll earth mage (Vaults:5)
  A skyshark (Zig:5)
  Sonja (D:10)
  A hellephant skeleton (Pan)
  2 shock serpents
  7 sixfirhies
  2 wretched stars (Abyss:3)
  13 skeletal warriors
  A salamander mystic (Zig:25)
  2 shadow wraiths
  An iron troll (shapeshifter) (Zig:10)
  2 pharaoh ants (Zig:15)
  A titan skeleton (Zig:21)
  A sea snake (shapeshifter) (Zig:7)
  6 goliath frogs
  A golden dragon zombie (Zig:21)
  2 storm dragon skeletons (Zig:21)
  A deep elf archer (Zig:12)
  2 bog bodies (Zig:14)
  8 deep trolls
  4 death drakes
  3 arcanists (Zig:22)
  2 orb spiders (Zig:11)
  A spriggan druid (Zig:17)
  3 spriggan simulacra
  8 swamp dragons
  6 shadow demons
  Pikel (D:9)
  A steelbarb worm (Zig:6)
  2 mana vipers (Zig:25)
  2 ironbound convokers (Vaults:3)
  A mana viper (shapeshifter) (Zig:7)
  12 flayed ghosts
  A harpy (Vaults:3)
  3 sun moths
  2 naga ritualists (Zig:25)
  3 orc knights
  3 deep elf pyromancers
  7 phantasmal warriors
  4 necromancers
  A steelbarb worm (shapeshifter) (Vaults:5)
  7 deep elf zephyrmancers
  An ugly thing (Lair:5)
  2 wolf spiders
  13 fauns
  4 will-o-the-wisps
  17 orc sorcerers
  A tengu skeleton (Zig:21)
  10 cyclopes
  5 black mambas (Zig:25)
  13 large abominations
  A dire elephant zombie (Crypt:1)
  A worldbinder (Abyss:3)
  A meliai (Zig:15)
  3 elephants (Lair:5)
  10 kobold blastminers
  3 torpor snails
  4 guardian serpents (Zig:25)
  An iron dragon skeleton (Crypt:3)
  2 apocalypse crabs
  2 centaur zombies (Crypt:3)
  8 moths of wrath
  3 vault sentinels
  10 naga magi
  6 smoke demons
  A centaur skeleton (Crypt:3)
  A storm dragon simulacrum (Zig:21)
  A cane toad (Lair:1)
  2 spriggan zombies
  2 gargoyles (Zig:8)
  An unseen horror (shapeshifter) (Zig:10)
  3 unseen horrors
  5 tormentors
  20 yaktaurs
  8 rime drakes
  A freezing wraith (Vaults:5)
  2 ancient zymes (Abyss:3)
  A red devil (Pan)
  A silent spectre (Abyss:3)
  6 ice devils
  28 guardian mummies
  3 komodo dragons
  6 hellwings
  2 polar bears
  3 wind drakes (Zig:23)
  2 tyrant leeches
  A bloated husk (Zig:17)
  3 blink frogs
  6 trolls
  A tengu simulacrum (Zig:16)
  4 hornets
  3 nameless horrors
  A glass eye (Slime:2)
  A harpy skeleton (Tomb:1)
  A raiju (Abyss:3)
  26 slime creatures
  2 culicivoras
  2 spriggans
  4 jumping spiders
  2 spriggan skeletons
  A wraith (Crypt:1)
  5 wyverns
  12 yaks
  5 ushabtiu
  17 ynoxinuls
  2 basilisks
  4 golden eyes
  8 wargs
  2 steam dragons
  10 chaos spawn
  6 neqoxecs
  A black mamba skeleton (Tomb:2)
  4 redbacks
  A vampire mosquito (Zig:14)
  2 swamp worms (Lair:3)
  4 nagas (Zig:25)
  2 naga zombies
  3 acid dragons (Zig:23)
  6 water moccasins
  36 orc warriors
  A fire bat skeleton (Crypt:1)
  7 laughing skulls
  2 swamp drakes (Zig:23)
  A black bear (Lair:2)
  12 ogres
  A boggart (Vaults:3)
  3 wolves
  6 centaurs
  A blink frog skeleton (Crypt:2)
  A lemure (D:9)
  A kobold brigand (D:7)
  3 brain worms (Abyss:3)
  A necrophage (Crypt:2)
  3 bullfrogs
  3 scorpions
  2 wights (D:9)
  9 small abominations
  2 killer bees (D:10)
  2 jellies (D:7)
  2 quasits (Abyss:3)
  A hound (D:7)
  A human zombie (Crypt:1)
  6 orc priests
  3 iguanas
  2 iron imps
  23 starcursed masses (Abyss:3)
  14 orc wizards
  46 mummies
  2 adders
  5 ufetubi
  2 ribbon worms
  21 orcs
  A ball python (D:4)
  An endoplasm (D:2)
  A giant cockroach (D:2)
  4 goblins
  3 hobgoblins
  A jackal (D:2)
  2 kobolds (D:9)
  A quokka (D:4)
  2 bats
  2 frilled lizards (D:2)
  A jackal skeleton (Crypt:1)
  A quokka zombie (Crypt:2)
  A rat (D:2)
  11 aspiring fleshes
  2 starspawn tentacles (Abyss:3)
1403 creatures vanquished.

Vanquished Creatures (collateral kills)
  Mnoleg (Pan)
  Gloorx Vloq (Pan)
  2 dread liches
  Tiamat (Zot:1)
  An orb of fire (Zot:5)
  5 ancient liches
  Mara (Elf:3)
  3 juggernauts
  Mennas (Tomb:1)
  Xtahua (Depths:3)
  33 royal mummies
  Boris (thrice) (Vaults:2 Depths:1 Depths:3)
  Sojobo (Vaults:4)
  2 shard shrikes
  8 Killer Klowns
  7 pandemonium lords
  the Lernaean hydra (Swamp:4)
  Saint Roka (Crypt:2)
  The ghost of TuffENuff the Formicid Cataclysm, a veteran FoFi of Qazlal (Vaults:4)
  A curse toe (Zot:5)
  Geryon (Hell)
  A caustic shrike (Zig:5)
  14 golden dragons
  The ghost of browni3141 the Warrior, an adept DsHu of Gozag (Depths:4)
  2 bone dragons
  A profane servitor (Abyss:3)
  Arachne (Spider:2)
  4 Tzitzimimeh
  An iron giant (Zig:2)
  3 electric golems
  7 Brimstone Fiends
  Rupert (D:13)
  Zenata (Crypt:2)
  9 liches
  4 Ice Fiends (Pan)
  7 titans
  Jorgrun (D:14)
  4 deep elf blademasters
  6 Hell Sentinels
  21 Orb Guardians
  16 tentacled monstrosities
  A walking divine tome (Depths:2)
  5 quicksilver dragons
  A walking frostbound tome (Depths:3)
  5 deep elf master archers
  9 sphinxes
  17 acid blobs
  Frances (D:13)
  26 Executioners
  9 death cobs
  Kirke (Elf:1)
  11 ancient champions
  9 tentacled starspawn
  Gastronok (Lair:1)
  Agnes (D:14)
  Roxanne (Elf:3)
  A thorn hunter (Swamp:3)
  6 revenants
  16 shadow dragons
  10 storm dragons
  A nargun (Zig:16)
  Donald (Vaults:4)
  7 tengu reavers
  4 fenstrider witches
  7 azure jellies
  10 draconian monks
  A daeva (Abyss:3)
  5 nagarajas
  7 emperor scorpions (Spider:4)
  7 demonspawn warmongers
  9 iron dragons
  13 rockslimes
  7 draconian scorchers
  7 fire giants
  5 deep elf sorcerers
  6 draconian shifters
  29 balrugs
  9 protean progenitors
  14 vault wardens
  15 frost giants
  11 draconian knights
  13 reapers
  14 ghouls
  13 ghost moths
  9 curse skulls
  9 draconian stormcallers
  3 orc warlords
  4 deep elf elementalists (Elf:3)
  21 cacodemons
  4 demonspawn corrupters (Pan)
  The ghost of coolio the Stormcaller, an adept TeAE of Vehumet (D:15)
  3 spriggan defenders
  24 ironbound preservers
  3 broodmothers
  6 juggernaut skeletons
  The ghost of Laqueoixx the Black Belt, a journeyman OpSh of Ashenzari (Lair:5)
  8 ironbound thunderhulks
  7 caustic shrike skeletons (Pan)
  An ophan (Abyss:3)
  19 demonspawn blood saints
  5 draconian annihilators
  10 quicksilver oozes
  12 vampire knights
  18 stone giants
  30 very ugly things
  10 formless jellyfish
  5 eleionomae
  13 green draconians
  13 white draconians
  11 black draconians
  4 bunyips
  4 dire elephants (Vaults:2)
  8 demonspawn black suns (Pan)
  11 deep elf annihilators
  A wendigo (Zig:16)
  14 bennus
  8 lorocyprocas
  9 deep elf death magi
  12 purple draconians
  6 yellow draconians
  8 spark wasps
  17 red draconians
  4 war gargoyles
  5 eidola
  Snorg (D:14)
  17 blizzard demons
  4 crystal guardians
  6 green deaths
  2 iron golems
  10 entropy weavers
  22 yaktaur captains
  7 jiangshi
  Josephine (D:14)
  9 ettins
  10 fire dragons
  8 deep elf high priests
  17 mummy priests
  Fannar (D:10)
  7 rakshasas
  12 great orbs of eyes
  10 vault guards
  7 ice dragons
  5 hell beasts
  6 salamander tyrants (Zig:25)
  3 ghost crabs
  2 juggernaut simulacra
  2 peacekeepers (Vaults:4)
  9 radroaches
  4 jorogumos
  An ogre mage (Vaults:5)
  27 hydras
  7 ironbound frosthearts
  5 spriggan air magi
  4 alligators
  5 death knights
  A spriggan skeleton (Abyss:3)
  8 boulder beetles
  4 merfolk aquamancers
  4 two-headed ogres
  10 centaur warriors
  A naga warrior (Zig:25)
  A catoblepas (Lair:1)
  9 tengu warriors
  18 death scarabs
  A satyr (Zig:10)
  6 deep troll shamans
  10 deep troll earth magi
  An azure jelly zombie (Crypt:2)
  A shock serpent (shapeshifter) (Zig:7)
  10 demonic crawlers
  4 hell hogs
  4 occultists
  10 vampire magi
  35 dancing weapons
  6 orc high priests
  15 thrashing horrors
  3 naga sharpshooters
  2 shock serpents (Pan)
  3 titan zombies
  15 deep elf knights
  30 soul eaters
  3 spriggan berserkers
  4 skysharks
  5 wretched stars
  A crystal echidna (Zig:2)
  6 hell knights (Crypt:3)
  60 sun demons
  3 hellephant skeletons (Pan)
  3 salamander mystics
  A titan skeleton (Zig:21)
  17 iron trolls
  4 shadow wraiths
  5 goliath frogs
  15 sixfirhies
  7 pharaoh ants
  Lodul (D:14)
  33 skeletal warriors
  A spatial maelstrom (Abyss:3)
  An anaconda zombie (Tomb:1)
  3 death drakes (Pan)
  5 flayed ghosts
  2 sea snakes (Zig:11)
  35 large abominations
  17 orb spiders
  9 shadow demons (Pan)
  73 deep trolls
  4 glowing orange brains
  7 deep elf archers
  9 spriggan druids
  6 lindwurms
  9 bog bodies
  2 mana vipers (shapeshifter)
  8 arcanists
  11 sun moths
  An orange crystal statue (Abyss:3)
  8 swamp dragons
  A tengu zombie (Depths:1)
  14 phantasmal warriors
  15 ironbound convokers
  14 steelbarb worms
  A naga ritualist (Zig:25)
  An anaconda skeleton (Crypt:2)
  17 necromancers
  5 harpies (Vaults:2)
  18 deep elf zephyrmancers
  23 deep elf pyromancers
  2 iron dragon zombies
  13 orc knights
  37 ugly things
  A shadow dragon skeleton (Tomb:1)
  5 orc sorcerers
  An iron dragon skeleton (Zig:21)
  An oklob plant (Lair:3)
  9 shining eyes
  21 wolf spiders
  3 will-o-the-wisps
  3 worldbinders (Abyss:3)
  A salamander (Zig:25)
  Maurice (D:12)
  19 moths of wrath
  3 manticores
  A salamander (shapeshifter) (Depths:4)
  11 cyclopes
  2 fauns (Zig:10)
  6 kobold blastminers
  8 rust devils
  8 meliai
  A dire elephant zombie (Crypt:1)
  A centaur zombie (Crypt:1)
  A jorogumo skeleton (Crypt:2)
  2 guardian serpents (Zig:25)
  2 black mambas (shapeshifter)
  An elephant (shapeshifter) (Vaults:4)
  3 apocalypse crabs
  2 black mambas
  8 torpor snails
  20 vault sentinels
  A water nymph (shapeshifter) (Zig:7)
  10 elephants (Lair:5)
  2 gargoyles
  4 eyes of devastation
  21 smoke demons
  8 cane toads
  3 dire elephant skeletons
  18 orange demons
  4 unseen horrors (Elf:2)
  2 alligator snapping turtle skeletons
  4 rime drakes
  2 kobold demonologists
  4 hellions
  5 komodo dragons
  2 ice devils
  38 yaktaurs
  A rime drake (shapeshifter) (Elf:1)
  12 efreet
  9 tormentors
  An ancient zyme (Abyss:3)
  A yaktaur zombie (Vaults:1)
  A harpy zombie (Crypt:1)
  5 freezing wraiths
  Psyche (D:8)
  A green draconian skeleton (Crypt:1)
  9 tengu conjurers
  28 guardian mummies
  13 red devils
  A queen bee (shapeshifter) (Lair:5)
  9 tyrant leeches
  5 trolls
  A bloated husk (Swamp:1)
  16 hornets
  An ettin zombie (Crypt:3)
  A harpy skeleton (Crypt:2)
  Grinder (D:3)
  24 tarantellas
  6 hellwings (Pan)
  9 raiju
  A raiju (shapeshifter) (Elf:1)
  30 blink frogs
  A polar bear (Lair:5)
  A dream sheep (shapeshifter) (Zig:10)
  8 glass eyes
  A snapping turtle (shapeshifter) (Vaults:5)
  22 jumping spiders
  A fire dragon skeleton (Crypt:1)
  3 shadows
  4 air elementals
  21 culicivoras
  7 wyverns
  31 ynoxinuls
  12 ushabtiu
  An ettin skeleton (Tomb:1)
  22 spriggans
  113 slime creatures
  12 wraiths
  A fire bat (Orc:1)
  5 fire elementals
  A vampire (Abyss:3)
  37 yaks
  5 basilisks
  A black mamba skeleton (Crypt:1)
  A water elemental (Depths:3)
  12 golden eyes
  A basilisk (shapeshifter) (Elf:1)
  15 neqoxecs
  A human (D:13)
  4 wargs
  A hog (Elf:1)
  62 redbacks
  A human simulacrum (Vaults:1)
  8 chaos spawn
  12 swamp worms
  8 vampire mosquitoes
  A swamp worm (shapeshifter) (Elf:1)
  16 small abominations
  A human zombie (Depths:1)
  A naga (Zig:25)
  13 water moccasins
  3 spatial vortices (Abyss:3)
  2 acid dragons
  A naga skeleton (Crypt:2)
  4 hell hounds
  22 orc warriors
  A glowing shapeshifter skeleton (Crypt:2)
  An ogre skeleton (Vaults:1)
  7 swamp drakes
  3 ice beasts
  31 laughing skulls
  A black bear (shapeshifter) (Elf:3)
  3 black bears
  12 wolves
  5 boggarts
  An elephant zombie (Crypt:2)
  16 ogres
  A boggart (shapeshifter) (Elf:2)
  A human skeleton (Vaults:1)
  8 centaurs
  4 phantoms
  7 brain worms
  5 bullfrogs
  6 kobold brigands
  10 earth elementals
  2 necrophages (Crypt:3)
  An ogre simulacrum (Vaults:1)
  3 scorpions
  3 wights (D:9)
  2 killer bees (D:10)
  2 electric eels (Spider:1)
  4 howler monkeys
  A hound (D:7)
  An iron imp (Abyss:3)
  7 jellies
  A bombardier beetle (D:5)
  11 orc priests
  An iguana (shapeshifter) (Lair:5)
  A sleepcap (D:5)
  6 starcursed masses (Abyss:3)
  13 orc wizards
  3 iguanas
  A deep dwarf zombie (Crypt:1)
  5 nameless horrors
  26 mummies
  9 adders
  A gnoll (Bailey)
  2 white imps
  A ribbon worm zombie (Crypt:2)
  An ufetubus (Abyss:3)
  2 dart slugs
  4 ribbon worms
  38 orcs
  A bat skeleton (Crypt:1)
  6 endoplasms
  3 giant cockroaches (D:1)
  17 goblins
  11 hobgoblins
  7 jackals
  A quokka (D:1)
  6 ball pythons
  3 bats
  2 frilled lizards
  13 kobolds
  9 rats
  5 aspiring fleshes
  A butterfly (Lair:4)
  A creeping inferno (Hell)
  A fire vortex (Hell)
  2 spectral weapons (Crypt:2)
  5 starspawn tentacles
3200 creatures vanquished.

Vanquished Creatures (others)
  A golden dragon (Depths:2)
  An iron giant (Zig:8)
  A tentacled monstrosity (Zot:2)
  2 quicksilver dragons
  An ancient champion (Hell)
  2 eldritch tentacles
  A storm dragon (Zot:4)
  3 demonspawn warmongers (Pan)
  3 fenstrider witches
  A draconian knight (Zot:4)
  3 draconian monks
  2 protean progenitors (Zig:10)
  A deep elf sorcerer (Vaults:5)
  3 draconian scorchers
  2 reapers
  A cacodemon (Pan)
  A very ugly thing (Depths:3)
  3 demonspawn corrupters (Pan)
  A draconian annihilator (Zot:2)
  3 demonspawn black suns
  3 demonspawn blood saints
  A bennu (Tomb:3)
  3 black draconians
  3 red draconians
  A white draconian (Zot:5)
  A bunyip (Zig:7)
  A green death (Zig:18)
  A blizzard demon (Hell)
  A deep elf high priest (Elf:3)
  2 entropy weavers
  A hell beast (Pan)
  2 salamander tyrants (Zig:25)
  2 hydras (Zig:14)
  A merfolk avatar (Abyss:3)
  Erica (D:9)
  2 hell hogs (Hell)
  8 sun demons
  A soul eater (Hell)
  A deep elf knight (Elf:2)
  A sixfirhy (Pan)
  A swamp dragon (Zig:14)
  2 shadow demons (Pan)
  A spriggan druid (Swamp:4)
  A bog body (Zig:14)
  A phantasmal warrior (Hell)
  A deep elf zephyrmancer (Elf:3)
  A sphinx simulacrum (Zig:16)
  A spriggan simulacrum (Zig:16)
  A will-o-the-wisp (Zig:14)
  A moth of wrath (Zot:4)
  2 apocalypse crabs (Zig:10)
  A kobold blastminer (Zig:19)
  A smoke demon (Zig:5)
  An unseen horror (D:11)
  2 efreet (Pan)
  A hellwing (Pan)
  2 red devils
  4 bloated husks
  A small abomination (Abyss:3)
  2 humans (Elf:1)
  A golden eye (D:15)
  A hell hound (Hell)
  A laughing skull (Crypt:2)
  An ogre (D:14)
  A kobold (D:7)
  5 ball lightnings
  12 blazeheart cores
  3 fire vortices
  29 foxfires
  A lurking horror (Abyss:1)
  22 starspawn tentacles
178 creatures vanquished.

Grand Total: 4781 creatures vanquished

Notes
Turn   | Place    | Note
-------+----------+-------------------------------------------
     0 | D:1      | yetimobile the Deep Elf Summoner began the quest for the
                  | Orb.
     0 | D:1      | Reached XP level 1. HP: 10/10 MP: 6/6
   253 | D:1      | Reached XP level 2. HP: 15/15 MP: 5/8
   256 | D:1      | Learned a level 2 spell: Call Imp
   968 | D:1      | Reached skill level 4 in Spellcasting
  1297 | D:2      | Reached skill level 5 in Summonings
  1297 | D:2      | Reached XP level 3. HP: 19/19 MP: 5/10
  1342 | D:2      | Found a glowing golden altar of the Shining One.
  1597 | D:2      | Identified the +1 trident of Tosaph {pain, Dex+2}
  1622 | D:2      | Learned a level 3 spell: Call Canine Familiar
  1767 | D:2      | Identified the amulet of the Sky {Acrobat rF+ rC+ Int+3}
  1860 | D:2      | Reached XP level 4. HP: 24/24 MP: 8/12
  2284 | D:3      | Noticed Grinder
  2300 | D:3      | Reached skill level 5 in Spellcasting
  2304 | D:3      | Killed Grinder
  2305 | D:3      | Reached skill level 6 in Spellcasting
  2305 | D:3      | Reached skill level 6 in Summonings
  2305 | D:3      | Reached XP level 5. HP: 28/28 MP: 3/15
  2305 | D:3      | Reached XP level 6. HP: 32/32 MP: 3/17
  3178 | D:3      | Reached skill level 7 in Spellcasting
  3273 | D:3      | Found Wuhirche's Assorted Antiques.
  3351 | D:3      | Found a bloodstained altar of Trog.
  3584 | D:4      | Reached skill level 7 in Summonings
  3593 | D:4      | Reached XP level 7. HP: 36/36 MP: 12/20
  3840 | D:4      | Learned a level 4 spell: Summon Blazeheart Golem
  4059 | D:4      | Found a sparkling altar of Nemelex Xobeh.
  4316 | D:4      | Reached skill level 3 in Dodging
  4397 | D:4      | Found a glowing golden altar of the Shining One.
  4486 | D:5      | Entered Level 5 of the Dungeon
  4592 | D:5      | Reached skill level 4 in Dodging
  4592 | D:5      | Reached skill level 8 in Summonings
  4837 | D:5      | Reached skill level 1 in Fire Magic
  4883 | D:5      | Reached skill level 5 in Dodging
  4883 | D:5      | Reached XP level 8. HP: 41/41 MP: 17/21
  4926 | D:5      | Found an opulent altar of Gozag.
  4948 | D:5      | Identified the +7 ring mail of Generosity {rElec rF+ SInv}
  5002 | D:5      | Reached skill level 2 in Fire Magic
  5370 | D:5      | Found a shimmering blue altar of Sif Muna.
  5504 | D:5      | Became a worshipper of Sif Muna the Loreminder
  5818 | D:6      | Reached skill level 1 in Ranged Weapons
  5818 | D:6      | Reached skill level 3 in Fire Magic
  5959 | D:6      | Found a staircase to the Ecumenical Temple.
  5971 | D:6      | Reached skill level 2 in Ranged Weapons
  6035 | D:6      | Reached skill level 3 in Ranged Weapons
  6089 | D:6      | Reached skill level 4 in Fire Magic
  6279 | D:6      | Found a radiant altar of Vehumet.
  6505 | D:6      | Found an ornate altar of the Wu Jian Council.
  6628 | D:7      | Reached skill level 4 in Ranged Weapons
  6749 | D:7      | Reached skill level 5 in Fire Magic
  6755 | D:7      | Reached skill level 5 in Ranged Weapons
  6988 | D:7      | Found a hide-covered altar of Uskayaw.
  6988 | D:7      | Found an ornate altar of the Wu Jian Council.
  6988 | D:7      | Found a shimmering blue altar of Sif Muna.
  6988 | D:7      | Found a shadowy altar of Dithmenos.
  6988 | D:7      | Found a blossoming altar of Fedhas.
  6988 | D:7      | Found an ancient bone altar of Kikubaaqudgha.
  6988 | D:7      | Noticed a slime creature
  6988 | D:7      | Noticed a slime creature
  6988 | D:7      | Noticed a slime creature
  7144 | D:7      | Found a blossoming altar of Fedhas.
  7222 | D:7      | Reached skill level 6 in Ranged Weapons
  7222 | D:7      | Reached XP level 9. HP: 45/45 MP: 16/22
  7257 | D:7      | Reached skill level 6 in Fire Magic
  7269 | D:7      | Found a basalt altar of Yredelemnul.
  7270 | D:7      | Found a sacrificial altar of Ru.
  7287 | D:7      | Found a glowing silver altar of Zin.
  7287 | D:7      | Found a hide-covered altar of Uskayaw.
  7287 | D:7      | Found a white marble altar of Elyvilon.
  7293 | D:7      | Reached skill level 1 in Fighting
  7814 | D:8      | Learned a level 4 spell: Martyr's Knell
  8004 | D:8      | Reached * piety under Sif Muna
  8005 | D:8      | Reached skill level 2 in Fighting
  8005 | D:8      | Reached skill level 1 in Necromancy
  8075 | D:8      | Reached skill level 2 in Necromancy
  8234 | D:8      | Reached skill level 3 in Necromancy
  8289 | D:8      | Reached skill level 3 in Fighting
  8333 | D:8      | Found Qipecvis's Assorted Antiques.
  8341 | D:8      | Bought a bubbling dark potion for 21 gold pieces
  8358 | D:8      | Bought a large coral ring for 120 gold pieces
  8358 | D:8      | Bought a scroll labelled LEOVEA NEBI for 24 gold pieces
  8489 | D:8      | Noticed Joseph
  8641 | D:8      | Noticed Psyche
  8648 | D:8      | Reached skill level 4 in Necromancy
  8678 | D:8      | Killed Psyche
  8971 | D:8      | Found a shimmering altar of Xom.
  8972 | D:8      | Found a snail-covered altar of Cheibriados.
  9194 | D:9      | Reached skill level 4 in Fighting
  9194 | D:9      | Reached skill level 5 in Necromancy
  9650 | D:9      | Reached skill level 6 in Necromancy
  9650 | D:9      | Reached XP level 10. HP: 58/58 MP: 23/23
  9731 | D:9      | Found a stormy altar of Qazlal.
  9767 | D:9      | Noticed Erica
  9949 | D:9      | Noticed Pikel
  9966 | D:9      | Killed Pikel
  9967 | D:9      | Reached skill level 5 in Fighting
 10050 | D:9      | Reached ** piety under Sif Muna
 10150 | D:9      | Found a staircase to the Orcish Mines.
 10212 | D:9      | Killed Erica
 10213 | D:9      | Reached skill level 9 in Summonings
 10728 | D:9      | Reached skill level 6 in Fighting
 11121 | D:9      | Learned a level 4 spell: Summon Lightning Spire
 11172 | D:10     | Entered Level 10 of the Dungeon
 11215 | D:10     | Found a flagged portal.
 11261 | Bailey   | Entered a bailey
 11479 | Bailey   | Reached skill level 10 in Summonings
 11689 | Bailey   | Reached *** piety under Sif Muna
 12241 | Bailey   | Reached skill level 1 in Invocations
 12246 | Bailey   | Noticed an orc warlord
 12277 | Bailey   | Killed an orc warlord
 12278 | Bailey   | Reached skill level 7 in Fighting
 12278 | Bailey   | Reached skill level 2 in Invocations
 12278 | Bailey   | Reached XP level 11. HP: 51/67 MP: 5/24
 12429 | Bailey   | Identified the +5 leather armour of Noon {-Tele Harm
                  | Rampage rElec}
 12445 | Bailey   | Reached skill level 7 in Invocations
 12445 | Bailey   | Reached skill level 6 in Evocations
 12445 | Bailey   | Reached XP level 12. HP: 72/72 MP: 25/25
 12787 | D:10     | Noticed a rakshasa
 12993 | D:10     | Noticed Sonja
 13023 | D:10     | Gained mutation: You are vulnerable to heat. (rF-) [potion
                  | of mutation]
 13023 | D:10     | Gained mutation: Your movements are slightly less
                  | encumbered by armour. (ER -2) [potion of mutation]
 13237 | D:10     | Noticed Fannar
 13343 | D:10     | Killed Fannar
 13344 | D:10     | Reached skill level 11 in Summonings
 13403 | D:10     | Reached skill level 8 in Fighting
 13586 | D:10     | Identified the +8 whip "Exel" {flame, Int+5 Stlth+}
 13586 | D:10     | Noticed a stone giant
 13601 | D:10     | Killed a stone giant
 13602 | D:10     | Reached skill level 1 in Armour
 14208 | D:10     | Killed a rakshasa
 14209 | D:10     | Reached skill level 2 in Armour
 14255 | D:10     | Paralysed by a hornet for 1 turns
 14523 | D:10     | Killed Sonja
 14524 | D:10     | Reached skill level 3 in Armour
 14563 | D:10     | Learned a level 7 spell: Summon Hydra
 14666 | D:11     | Noticed a two-headed ogre
 14676 | D:11     | Killed a two-headed ogre
 14677 | D:11     | Reached skill level 12 in Summonings
 14751 | D:11     | Reached **** piety under Sif Muna
 14813 | D:11     | Reached skill level 4 in Armour
 14934 | D:11     | Found Jettoes's General Store.
 14961 | D:11     | Bought a wand of digging (7) for 294 gold pieces
 14961 | D:11     | Bought a potion of lignification for 30 gold pieces
 14961 | D:11     | Bought a scroll of noise for 10 gold pieces
 14992 | D:11     | Identified the ring "Usoseng" {rF+ Str+6 Int-3 Dex+6}
 15295 | D:11     | Found a staircase to the Lair.
 15426 | D:11     | Reached skill level 5 in Armour
 15436 | D:11     | Reached skill level 13 in Summonings
 15705 | Lair:1   | Entered Level 1 of the Lair of Beasts
 15723 | Lair:1   | Reached XP level 13. HP: 54/78 MP: 20/26
 16061 | Lair:1   | Noticed Gastronok
 16117 | Lair:1   | Reached skill level 7 in Ranged Weapons
 17165 | Lair:2   | Reached skill level 8 in Ranged Weapons
 17244 | Lair:2   | Found a hole to the Spider Nest.
 17427 | Lair:2   | Reached skill level 14 in Summonings
 18463 | Lair:3   | Reached skill level 9 in Ranged Weapons
 18916 | Lair:3   | Found a staircase to the Swamp.
 19066 | Lair:3   | Identified the +1 robe of the Distant Future {rElec rPois
                  | rC+ Int+4}
 19221 | Lair:3   | Reached skill level 6 in Dodging
 20161 | Lair:1   | Killed Gastronok
 20162 | Lair:1   | Reached skill level 7 in Dodging
 20354 | Lair:4   | Reached skill level 15 in Summonings
 20722 | Lair:4   | Found a viscous altar of Jiyva.
 20722 | Lair:4   | Found a staircase to the Slime Pits.
 20729 | Lair:4   | Reached skill level 8 in Dodging
 21406 | Lair:5   | Entered Level 5 of the Lair of Beasts
 21514 | Lair:5   | Reached XP level 14. HP: 84/84 MP: 15/27
 21576 | Lair:5   | Lost mutation: Your movements are slightly less encumbered
                  | by armour. (ER -2) [potion of mutation]
 21576 | Lair:5   | Lost mutation: You are vulnerable to heat. (rF-) [potion of
                  | mutation]
 21576 | Lair:5   | Gained mutation: You have hidden genetic potential. [potion
                  | of mutation]
 21576 | Lair:5   | Gained mutation: You expend magic power (3 MP) to
                  | strengthen your wands. [potion of mutation]
 21588 | Lair:5   | Reached ***** piety under Sif Muna
 21596 | Lair:5   | Reached skill level 9 in Dodging
 22093 | Lair:5   | comeatme
 22119 | Lair:5   | Reached skill level 16 in Summonings
 22125 | Lair:5   | Reached skill level 10 in Dodging
 22411 | Lair:5   | Reached skill level 11 in Dodging
 22634 | Lair:5   | Found a corrupted altar of Lugonu.
 22634 | Lair:5   | Found a one-way gate to the infinite horrors of the Abyss.
 22694 | Lair:5   | Received a gift from Sif Muna
 22695 | Lair:5   | Got Sif Muna's Information on Cooperative Accelerants {god
                  | gift}
 22834 | Lair:5   | Found a runed translucent door.
 22834 | Lair:5   | Identified the +1 spear "Rogutseo" {speed, Str+3}
 22834 | Lair:5   | Noticed Laqueoixx's ghost (journeyman OpSh)
 22894 | Lair:5   | Reached skill level 17 in Summonings
 23232 | Lair:5   | Killed Laqueoixx's ghost
 23233 | Lair:5   | Reached skill level 12 in Dodging
 23762 | Orc:1    | Entered Level 1 of the Orcish Mines
 24043 | Orc:1    | Found a shimmering altar of Xom.
 24053 | Orc:1    | Reached skill level 8 in Invocations
 24548 | Orc:2    | Entered Level 2 of the Orcish Mines
 25480 | Orc:2    | Reached XP level 15. HP: 88/88 MP: 22/28
 25593 | Orc:2    | Reached skill level 9 in Invocations
 25616 | Orc:2    | Gained mutation: You are agile. (Dex +4, Str/Int -1)
                  | [hidden potential]
 25758 | Orc:2    | Found Konip's Distillery.
 25763 | Orc:2    | Found Buwn's Armour Boutique.
 25770 | Orc:2    | Found Omow's Antique Armour Boutique.
 25772 | Orc:2    | Found Sagae's Weapon Emporium.
 25847 | Orc:2    | Bought an embroidered cloak for 187 gold pieces
 25847 | Orc:2    | Bought a pair of glowing boots for 187 gold pieces
 25879 | Orc:2    | Bought a +2 pair of gloves of stealth for 258 gold pieces
 25928 | Orc:2    | Found a staircase to the Elven Halls.
 26391 | D:12     | You are sucked into a shaft and drop 3 floors!
 26391 | D:15     | Entered Level 15 of the Dungeon
 26696 | D:15     | Reached skill level 18 in Summonings
 26790 | D:15     | Reached skill level 10 in Invocations
 27214 | D:15     | Found a runed translucent gate.
 27214 | D:15     | Found a runed translucent gate.
 27214 | D:15     | Found a runed translucent gate.
 27216 | D:15     | Found a viscous altar of Jiyva.
 27216 | D:15     | Noticed a rockslime
 27216 | D:15     | Noticed coolio's ghost (adept TeAE)
 27217 | D:15     | Noticed an azure jelly
 27348 | D:14     | Reached skill level 1 in Shields
 27606 | D:14     | Noticed Snorg
 27606 | D:14     | Noticed Agnes
 27619 | D:14     | Noticed Lodul
 27628 | D:14     | Noticed Jorgrun
 27628 | D:14     | Killed Lodul
 27631 | D:14     | Reached skill level 2 in Shields
 27632 | D:14     | Killed Jorgrun
 27636 | D:14     | Received a gift from Sif Muna
 27637 | D:14     | Got Sif Muna's Annotations on Unspeakable Deeds and
                  | Ensorcelling {god gift}
 27650 | D:14     | Killed Agnes
 27651 | D:14     | Reached skill level 3 in Shields
 27664 | D:14     | Noticed Josephine
 27667 | D:14     | Killed Josephine
 27829 | D:13     | Noticed Frances
 28022 | D:13     | Noticed Rupert
 28044 | D:13     | Killed Rupert
 28045 | D:13     | Reached skill level 4 in Shields
 28401 | D:13     | Reached skill level 19 in Summonings
 29020 | D:14     | Found Edghieryji's Jewellery Shop.
 29030 | D:14     | Killed Snorg
 29112 | D:14     | Bought the ring "Apaatyuc" {Int+6 Dex+4} for 771 gold
                  | pieces
 29121 | D:14     | Found a white marble altar of Elyvilon.
 29169 | D:14     | Reached skill level 5 in Shields
 29508 | D:15     | Reached skill level 8 in Spellcasting
 29793 | D:15     | Found a staircase to the Depths.
 30029 | D:14     | Learned a level 7 spell: Monstrous Menagerie
 30168 | D:12     | Identified the +0 robe "Dipug" {rN+ rCorr Int-4 Stlth+}
 30654 | D:12     | Reached XP level 16. HP: 93/93 MP: 22/30
 30731 | D:12     | Noticed Maurice
 30769 | D:12     | Killed Maurice
 31220 | Spider:1 | Entered Level 1 of the Spider Nest
 31229 | Spider:1 | Reached skill level 9 in Spellcasting
 31304 | Spider:1 | Gained mutation: Your mind is acute. (Int +4, Str/Dex -1)
                  | [hidden potential]
 31304 | Spider:1 | Lost mutation: You have hidden genetic potential. [hidden
                  | potential expressed]
 31422 | Spider:1 | Reached skill level 6 in Shields
 32344 | Spider:1 | Reached skill level 10 in Spellcasting
 32939 | Spider:1 | Reached skill level 7 in Shields
 33220 | Spider:1 | Received a gift from Sif Muna
 33434 | Spider:1 | Reached skill level 11 in Spellcasting
 33834 | Spider:1 | Learned a level 7 spell: Haunt
 34263 | Spider:2 | Noticed Arachne
 34275 | Spider:2 | Reached skill level 12 in Spellcasting
 34325 | Spider:2 | Killed Arachne
 34670 | Spider:2 | Reached skill level 13 in Spellcasting
 34874 | Spider:2 | Identified the +0 leather armour of the Orb Guardian {rPois
                  | rC+++ Dex+3}
 36066 | Spider:3 | Reached skill level 9 in Fighting
 37389 | Spider:3 | Reached skill level 10 in Fighting
 37468 | Spider:3 | Reached XP level 17. HP: 102/102 MP: 25/36
 37835 | Spider:3 | Received a gift from Sif Muna
 37879 | Spider:3 | Got Sif Muna's Folio of Oromancy and Conduction {god gift}
 38567 | Spider:4 | Entered Level 4 of the Spider Nest
 39081 | Spider:4 | Reached skill level 13 in Dodging
 39313 | Spider:4 | Reached skill level 11 in Invocations
 39663 | Spider:4 | Received a gift from Sif Muna
 39664 | Spider:4 | Got Sif Muna's Atlas of the Queen Bee and Fumes {god gift}
 40214 | Spider:4 | Reached skill level 12 in Invocations
 40662 | Spider:4 | Reached skill level 13 in Invocations
 40682 | Spider:4 | Got a gossamer rune of Zot
 41299 | Swamp:1  | Entered Level 1 of the Swamp
 41466 | Swamp:1  | Reached skill level 14 in Spellcasting
 42785 | Swamp:2  | Found the +6 arbalest "Damnation" {damnation}
 43976 | Swamp:3  | Reached skill level 15 in Spellcasting
 44058 | Swamp:3  | Reached XP level 18. HP: 108/108 MP: 32/39
 44702 | Swamp:3  | Reached skill level 20 in Summonings
 45022 | Swamp:4  | Entered Level 4 of the Swamp
 45325 | Swamp:4  | Received a gift from Sif Muna
 45326 | Swamp:4  | Got Sif Muna's Almanac of the Cold Volcano {god gift}
 46025 | Swamp:4  | Reached skill level 16 in Spellcasting
 46027 | Swamp:4  | Identified the +1 quarterstaff of World Downfall {holy,
                  | Str+2}
 46092 | Swamp:4  | Identified the +5 orcbow of the Middle {freeze, rElec rF-
                  | Int+2}
 46356 | Swamp:4  | Noticed the 27-headed Lernaean hydra
 46360 | Swamp:4  | Killed the 27-headed Lernaean hydra
 46692 | Swamp:4  | Got a decaying rune of Zot
 47082 | Lair:3   | Learned a level 9 spell: Dragon's Call
 47328 | D:13     | Found a gate to the Vaults.
 47403 | D:13     | Killed Frances
 47562 | Vaults:1 | Entered Level 1 of the Vaults
 47570 | Vaults:1 | Found Xuywnige's Antique Weapon Emporium.
 47606 | Vaults:1 | Reached skill level 3 in Stealth
 47691 | Vaults:1 | Reached skill level 4 in Stealth
 47691 | Vaults:1 | Reached skill level 17 in Spellcasting
 47844 | Vaults:1 | Reached skill level 5 in Stealth
 48402 | Vaults:1 | Reached skill level 6 in Stealth
 48738 | Vaults:1 | Found Ovvouq's Armour Boutique.
 48824 | Vaults:1 | Reached skill level 7 in Stealth
 49058 | Vaults:1 | Reached skill level 18 in Spellcasting
 49162 | Vaults:1 | Found Otuvozxu's Jewellery Boutique.
 49176 | Vaults:1 | Found Puog Qur's Distillery.
 49182 | Vaults:1 | Bought a potion of enlightenment for 85 gold pieces
 49335 | Vaults:1 | Found Banuer's Armour Shop.
 49373 | Vaults:1 | Paralysed by a formless jellyfish for 1 turns
 49511 | Vaults:1 | Reached skill level 8 in Stealth
 50129 | Vaults:1 | Reached XP level 19. HP: 113/113 MP: 26/43
 50131 | Vaults:1 | Reached skill level 9 in Stealth
 50458 | Vaults:2 | Reached skill level 10 in Stealth
 50464 | Vaults:2 | Reached skill level 19 in Spellcasting
 51098 | Vaults:2 | Reached skill level 11 in Stealth
 51683 | Vaults:2 | Reached skill level 12 in Stealth
 51880 | Vaults:2 | Noticed Boris
 51882 | Vaults:2 | Reached skill level 20 in Spellcasting
 51890 | Vaults:2 | Killed Boris
 51900 | Vaults:2 | Found a staircase to the Crypt.
 52532 | Vaults:2 | Received a gift from Sif Muna
 52620 | Vaults:2 | Got Sif Muna's Spellbook of Direction {god gift}
 52791 | Vaults:3 | Reached skill level 13 in Stealth
 53225 | Vaults:3 | Reached skill level 21 in Spellcasting
 53376 | Vaults:3 | Reached skill level 14 in Stealth
 53509 | Vaults:3 | Learned a level 8 spell: Ignition
 53764 | Vaults:3 | Identified the orb of the Blind Marksman {light, rC+ MP-9
                  | Int+4 Earth}
 53764 | Vaults:3 | Noticed Frederick
 53766 | Vaults:3 | Reached XP level 20. HP: 107/118 MP: 25/47
 53766 | Vaults:3 | Killed Frederick
 53767 | Vaults:3 | Reached skill level 14 in Dodging
 53767 | Vaults:3 | Reached skill level 7 in Fire Magic
 53839 | Vaults:3 | Found Vafiut's Weapon Boutique.
 54190 | Vaults:3 | Identified the +0 pair of boots "Tak Yttu" {Str+6}
 54562 | Vaults:4 | Reached skill level 8 in Fire Magic
 54753 | Vaults:4 | Received a gift from Sif Muna
 54754 | Vaults:4 | Got Inejomel's Volume of Horrible Reconfiguration {god
                  | gift}
 55322 | Vaults:4 | Reached skill level 9 in Fire Magic
 55409 | Vaults:4 | Found a runed translucent door.
 55411 | Vaults:4 | Noticed a dread lich
 55412 | Vaults:4 | Noticed TuffENuff's ghost (veteran FoFi)
 55431 | Vaults:4 | Reached skill level 15 in Dodging
 55509 | Vaults:4 | Reached skill level 7 in Evocations
 55759 | Vaults:4 | Noticed Sojobo
 55768 | Vaults:4 | Killed Sojobo
 55769 | Vaults:4 | Reached skill level 10 in Fire Magic
 55791 | Vaults:4 | Reached skill level 8 in Evocations
 56105 | Vaults:4 | Killed a dread lich
 56673 | Vaults:4 | Paralysed by a formless jellyfish for 1 turns
 56675 | Vaults:4 | Reached skill level 11 in Fire Magic
 56675 | Vaults:4 | Reached skill level 9 in Evocations
 56929 | Vaults:4 | Noticed Donald
 56941 | Vaults:4 | Killed Donald
 57108 | Vaults:4 | Identified the +9 scimitar "Koeme" {flame, Dex+8}
 57284 | Vaults:4 | Killed TuffENuff's ghost
 57466 | Vaults:2 | Received a gift from Sif Muna
 57468 | Vaults:2 | Got Sif Muna's Directory of Entrancing Malevolent Spells
                  | {god gift}
 57759 | Elf:1    | Entered Level 1 of the Elven Halls
 57953 | Elf:1    | Found Hoamna's Weapon Shop.
 58054 | Elf:1    | Noticed Kirke
 58060 | Elf:1    | Killed Kirke
 58241 | Elf:1    | Reached skill level 8 in Shields
 58691 | Elf:1    | Got Yjuh Yfi's Spellbook of Toxicology
 58941 | Elf:2    | Reached XP level 21. HP: 80/123 MP: 35/48
 58947 | Elf:2    | Reached skill level 9 in Shields
 59543 | Elf:2    | Found a runed translucent gate.
 59544 | Elf:2    | Found a runed translucent gate.
 59545 | Elf:2    | Found a runed translucent gate.
 59944 | Elf:2    | Reached skill level 10 in Shields
 60397 | Elf:2    | Identified the +6 war axe of Integrity {venom, rN+ rCorr}
 60849 | Elf:3    | Entered Level 3 of the Elven Halls
 61097 | Elf:3    | Noticed Mara
 61131 | Elf:3    | Noticed yetimobile's illusion
 61377 | Elf:3    | Reached skill level 11 in Shields
 61390 | Elf:3    | Received a gift from Sif Muna
 61391 | Elf:3    | Got Onnuit Ojakk's Information on Incandescent
                  | Accompaniment {god gift}
 61798 | Elf:3    | Noticed yetimobile's illusion
 61810 | Elf:3    | Killed Mara
 61811 | Elf:3    | Reached skill level 12 in Shields
 61970 | Elf:3    | Noticed Roxanne
 62423 | Elf:3    | Identified the +0 leather armour of the Arcane {Fly rF+
                  | Stlth+}
 62919 | Elf:3    | Reached skill level 12 in Fire Magic
 63133 | Elf:3    | Identified the +9 shortbow of Rusyz {speed, ^Drain rCorr
                  | MP+9 Dex+9}
 63169 | Elf:3    | Identified the +2 chain mail "Julaasm" {Harm rPois rN+
                  | Slay+3}
 63170 | Elf:3    | Identified the +6 hand axe of Parts Unknown {distort,
                  | rPois}
 63177 | Elf:3    | Identified the +6 spear of Charity {heavy, rPois rF- Str+5
                  | Int-4}
 63191 | Elf:3    | Identified the +7 scimitar "Leosmueff" {speed, rC+}
 63204 | Elf:3    | Got the Discursus on the Gargoyle and Displacement
 63405 | Elf:3    | Killed Roxanne
 63889 | D:15     | Identified a scroll of acquirement
 63900 | D:15     | Killed coolio's ghost
 63970 | Depths:1 | Entered Level 1 of the Depths
 63987 | Depths:1 | Reached skill level 21 in Summonings
 64011 | Depths:1 | Noticed Asterion
 64020 | Depths:1 | Killed Asterion
 64257 | Depths:1 | Noticed Boris
 64268 | Depths:1 | Killed Boris
 64269 | Depths:1 | Reached XP level 22. HP: 102/128 MP: 49/49
 64701 | Depths:1 | Identified the +10 spear of Invincibility {antimagic, rC+
                  | Will+}
 64746 | Depths:1 | Reached skill level 22 in Summonings
 64772 | Depths:1 | You fall into a shaft and drop 1 floor!
 64774 | Depths:2 | Found a one-way gate leading to the halls of Pandemonium.
 65064 | Depths:1 | Found Hoycuxo's Antique Armour Boutique.
 65104 | Depths:1 | Found a one-way gateway to a ziggurat.
 65247 | Depths:1 | Found a gateway to Hell.
 66136 | Depths:2 | Noticed a golden dragon
 66144 | Depths:2 | Killed a golden dragon
 66299 | Depths:2 | Reached skill level 23 in Summonings
 66904 | Depths:2 | Found a basalt altar of Yredelemnul.
 67103 | Depths:3 | Noticed a golden dragon
 67241 | Depths:3 | Noticed Boris
 67251 | Depths:3 | Killed Boris
 67650 | Depths:3 | Noticed Xtahua
 67671 | Depths:3 | Killed Xtahua
 67995 | Depths:3 | Reached skill level 24 in Summonings
 68164 | Depths:3 | Received a gift from Sif Muna
 68165 | Depths:3 | Got Sif Muna's Folio of the Bright Adder {god gift}
 68321 | Depths:3 | Noticed a juggernaut
 68346 | Depths:3 | Killed a juggernaut
 68874 | Depths:3 | Killed a golden dragon
 69085 | Depths:3 | Reached skill level 25 in Summonings
 69240 | Depths:3 | Found a transporter.
 69430 | Depths:3 | Found the ring of the Mage {Wiz Archmagi}
 69700 | Depths:3 | Found a transporter.
 69716 | Depths:3 | Found a transporter.
 69734 | Depths:3 | Found a transporter.
 69756 | Depths:3 | Learned a level 8 spell: Infestation
 69777 | Depths:4 | Entered Level 4 of the Depths
 69820 | Depths:4 | Found a transporter.
 69824 | Depths:4 | Found a transporter.
 69829 | Depths:4 | Noticed browni3141's ghost (adept DsHu)
 69838 | Depths:4 | Found a bloodstained altar of Trog.
 69850 | Depths:4 | Noticed a juggernaut
 69872 | Depths:4 | Reached skill level 7 in Necromancy
 69872 | Depths:4 | Reached XP level 23. HP: 121/133 MP: 38/50
 69894 | Depths:4 | Reached skill level 8 in Necromancy
 70052 | Depths:4 | Found a gate to the Realm of Zot.
 70319 | Depths:4 | Reached skill level 9 in Necromancy
 70408 | Depths:4 | Found the +18 Lear's hauberk
 70415 | Depths:4 | Identified the +5 chain mail "Cuown" {rN++ Str-2 Int+4}
 70873 | Depths:4 | Reached skill level 10 in Necromancy
 71420 | Depths:4 | Found a gateway to a bazaar.
 71472 | Depths:4 | Noticed a juggernaut
 71743 | Bazaar   | Entered a bazaar
 71743 | Bazaar   | Found Fuinymir's Book Emporium.
 71743 | Bazaar   | Found Plog's Weapon Shoppe.
 71743 | Bazaar   | Found Dimas Jisu's Armour Emporium.
 71743 | Bazaar   | Found Kigiruj's Armour Shoppe.
 71787 | Bazaar   | Bought a +5 scimitar of holy wrath for 307 gold pieces
 71789 | Bazaar   | Bought a book of Weapons for 308 gold pieces
 71867 | Depths:4 | Reached skill level 11 in Necromancy
 71868 | Depths:4 | Received a gift from Sif Muna
 71873 | Depths:4 | Killed a juggernaut
 71874 | Depths:4 | Reached skill level 12 in Necromancy
 71877 | Depths:4 | Killed browni3141's ghost
 71879 | Depths:4 | Killed a juggernaut
 71937 | Depths:4 | Identified the staff of the Boar {Dex+3 Earth}
 72281 | Orc:2    | Bought a +0 cloak of preservation for 138 gold pieces
 72543 | Slime:1  | Entered Level 1 of the Pits of Slime
 72551 | Slime:1  | Reached skill level 13 in Necromancy
 72686 | Slime:1  | You fall into a shaft and drop 1 floor!
 73128 | Slime:2  | Reached skill level 1 in Long Blades
 73132 | Slime:2  | Reached skill level 2 in Long Blades
 73142 | Slime:2  | Reached skill level 3 in Long Blades
 73144 | Slime:2  | Gained mutation: You are very agile. (Dex +8, Str/Int -2)
                  | [a shining eye]
 73293 | Slime:2  | Reached skill level 4 in Long Blades
 73702 | Slime:3  | Reached skill level 5 in Long Blades
 74168 | Slime:3  | Reached skill level 6 in Long Blades
 74721 | Slime:4  | Reached skill level 13 in Fire Magic
 75044 | Slime:5  | Entered Level 5 of the Pits of Slime
 75390 | Slime:5  | Found a viscous altar of Jiyva.
 75390 | Slime:5  | Noticed the Royal Jelly
 75557 | Slime:5  | Reached skill level 7 in Long Blades
 75559 | Slime:5  | Killed the Royal Jelly
 75561 | Slime:5  | Reached XP level 24. HP: 136/138 MP: 34/50
 75564 | Slime:5  | Received a gift from Sif Muna
 75568 | Slime:5  | Got Sif Muna's Book of Pneumatic Geomancy {god gift}
 75574 | Slime:5  | Reached skill level 14 in Fire Magic
 75781 | Slime:5  | Identified the +2 sling of the Distant Future {flame,
                  | Dex+3}
 75798 | Slime:5  | Identified the +4 leather armour "Ciylovodd" {rPois rN+
                  | Slay+3 Stlth+}
 75830 | Slime:5  | Identified the +11 flail of the Shouting Hawk {holy, rN+
                  | Int+6}
 75832 | Slime:5  | Got a slimy rune of Zot
 75835 | Slime:5  | Identified the +0 scale mail of Oser Hoch {Regen+ Str+6
                  | Int+3 Dex-4}
 75856 | Slime:5  | Identified the staff "Befaelo" {^Fragile rPois Dex+2 Ice
                  | Alchemy}
 75864 | Slime:5  | Identified the +0 halberd of Zuammil {protect, rN+ Will-
                  | Str-4 Dex+4}
 75929 | Slime:5  | Identified the +0 robe of the Wumpus {SInv}
 75966 | Slime:5  | Reached skill level 8 in Long Blades
 77125 | Vaults:5 | Entered Level 5 of the Vaults
 77127 | Vaults:5 | Reached skill level 8 in Ice Magic
 77134 | Vaults:5 | Reached skill level 9 in Ice Magic
 77145 | Vaults:5 | Reached skill level 10 in Ice Magic
 77147 | Vaults:5 | Reached skill level 11 in Ice Magic
 77149 | Vaults:5 | Reached skill level 12 in Ice Magic
 77159 | Vaults:5 | Received a gift from Sif Muna
 77160 | Vaults:5 | Reached skill level 13 in Ice Magic
 77166 | Vaults:5 | Reached skill level 14 in Ice Magic
 77169 | Vaults:5 | Identified the +8 short sword "Unimaq" {freeze, Str+3
                  | Dex+3}
 77181 | Vaults:5 | Reached skill level 15 in Ice Magic
 77661 | Vaults:5 | Reached skill level 16 in Ice Magic
 77940 | Vaults:5 | Noticed an ancient lich
 77950 | Vaults:5 | Killed an ancient lich
 78017 | Vaults:5 | Identified the +10 flail of the Pariah {elec, rPois Will+++
                  | Int+4 Stlth+}
 78040 | Vaults:5 | Received a gift from Sif Muna
 78041 | Vaults:5 | Reached skill level 11 in Fighting
 78055 | Vaults:5 | Got Sif Muna's Quarto of the Panacea and Chilblains {god
                  | gift}
 78559 | Vaults:5 | Identified the +2 great sword "Tormentor" {pain, rCorr
                  | Dex+6}
 78591 | Vaults:5 | Identified the staff of Yfannodufi {rPois Dex+2 Alchemy}
 78860 | Vaults:5 | Reached skill level 9 in Long Blades
 79093 | Vaults:5 | Reached XP level 25. HP: 85/145 MP: 24/50
 79276 | Vaults:5 | Got a silver rune of Zot
 79516 | Vaults:5 | Identified the +0 chain mail of Valiance {rC+ Will++}
 79655 | Vaults:5 | Learned a level 8 spell: Summon Horrible Things
 79983 | Depths:3 | Voluntarily entered the Abyss.
 79983 | Abyss:1  | Found a corrupted altar of Lugonu.
 80016 | Abyss:1  | Found a corrupted altar of Lugonu.
 80103 | Abyss:1  | Found a corrupted altar of Lugonu.
 80113 | Abyss:1  | Found a corrupted altar of Lugonu.
 80124 | Abyss:1  | Found a corrupted altar of Lugonu.
 80218 | Abyss:1  | Found a corrupted altar of Lugonu.
 80330 | Abyss:2  | Found a corrupted altar of Lugonu.
 80621 | Abyss:3  | Reached skill level 13 in Shields
 80652 | Abyss:3  | Received a gift from Sif Muna
 80653 | Abyss:3  | Got Sif Muna's Discourse on Misery and the Volcano {god
                  | gift}
 80657 | Abyss:3  | Reached skill level 10 in Long Blades
 80770 | Depths:3 | Escaped the Abyss
 81025 | Depths:3 | Voluntarily entered the Abyss.
 81025 | Abyss:3  | Found a corrupted altar of Lugonu.
 81062 | Abyss:3  | Found a runed translucent door.
 81121 | Abyss:3  | Found a corrupted altar of Lugonu.
 81132 | Abyss:3  | Found a corrupted altar of Lugonu.
 81163 | Depths:3 | Escaped the Abyss
 81165 | Depths:3 | Voluntarily entered the Abyss.
 81320 | Abyss:3  | Reached skill level 14 in Shields
 81347 | Abyss:3  | Identified the +1 tower shield of Vanity {rCorr}
 81350 | Abyss:3  | Found a corrupted altar of Lugonu.
 81364 | Abyss:3  | Learned a level 3 spell: Frozen Ramparts
 81514 | Abyss:3  | Reached skill level 11 in Long Blades
 81518 | Abyss:3  | Found a corrupted altar of Lugonu.
 81539 | Abyss:3  | Got an abyssal rune of Zot
 81562 | Depths:3 | Escaped the Abyss
 81853 | Vaults:1 | Bought a ring of poison resistance for 260 gold pieces
 81854 | Vaults:1 | Bought a ring of positive energy for 260 gold pieces
 81993 | D:15     | Acquired the amulet "Aleolimu" {Spirit rN++ Dex+3}
 82207 | Crypt:1  | Entered Level 1 of the Crypt
 82334 | Crypt:1  | Reached skill level 14 in Necromancy
 82368 | Crypt:1  | Received a gift from Sif Muna
 82369 | Crypt:1  | Got Sif Muna's Octavo of the Lethal Sky {god gift}
 82719 | Crypt:1  | Found an ancient bone altar of Kikubaaqudgha.
 82745 | Crypt:1  | Reached skill level 14 in Invocations
 83314 | Crypt:1  | Reached skill level 15 in Necromancy
 83701 | Crypt:1  | Found an ancient bone altar of Kikubaaqudgha.
 84174 | Crypt:2  | Noticed Saint Roka
 84184 | Crypt:2  | Killed Saint Roka
 84187 | Crypt:2  | Found a transporter.
 84331 | Crypt:2  | Noticed an ancient lich
 84351 | Crypt:2  | Reached skill level 15 in Invocations
 84372 | Crypt:2  | Reached skill level 16 in Necromancy
 84795 | Crypt:2  | Found the +3 giant club "Skullcrusher" {speed, Str+7}
 85197 | Crypt:2  | Found a basalt altar of Yredelemnul.
 85201 | Crypt:2  | Noticed Zenata
 85215 | Crypt:2  | Killed Zenata
 85631 | Crypt:2  | Reached XP level 26. HP: 145/150 MP: 18/50
 85633 | Crypt:2  | Killed an ancient lich
 85645 | Crypt:2  | Reached skill level 16 in Invocations
 85882 | Crypt:2  | Found a transporter.
 85892 | Crypt:2  | Identified the ring "Yrhar" {Ice Dex+3}
 85955 | Crypt:3  | Entered Level 3 of the Crypt
 85961 | Crypt:3  | Reached skill level 17 in Necromancy
 86244 | Crypt:3  | Found a staircase to the Tomb.
 86661 | Crypt:3  | Found an ancient bone altar of Kikubaaqudgha.
 86665 | Crypt:3  | Noticed an ancient lich
 86674 | Crypt:3  | Killed an ancient lich
 86801 | Crypt:3  | Reached ****** piety under Sif Muna
 86991 | Crypt:3  | Reached skill level 18 in Necromancy
 86991 | Crypt:3  | Reached skill level 17 in Invocations
 87601 | Tomb:1   | Entered Level 1 of the Tomb of the Ancients
 87660 | Tomb:1   | Learned a level 9 spell: Death's Door
 87816 | Tomb:1   | Noticed Mennas
 87832 | Tomb:1   | Killed Mennas
 88231 | Tomb:1   | Noticed a royal mummy
 88243 | Tomb:1   | Killed a royal mummy
 88254 | Tomb:1   | Noticed a royal mummy
 88258 | Tomb:1   | Killed a royal mummy
 88488 | Tomb:1   | Reached skill level 19 in Necromancy
 89078 | Tomb:1   | Noticed a royal mummy
 89078 | Tomb:1   | Noticed a royal mummy
 89084 | Tomb:1   | Killed a royal mummy
 89085 | Tomb:1   | Reached skill level 22 in Spellcasting
 89087 | Tomb:1   | Killed a royal mummy
 89092 | Tomb:1   | Noticed a royal mummy
 89096 | Tomb:1   | Killed a royal mummy
 89099 | Tomb:1   | Noticed a royal mummy
 89106 | Tomb:1   | Noticed a royal mummy
 89107 | Tomb:1   | Noticed a royal mummy
 89107 | Tomb:1   | Noticed a royal mummy
 89390 | Tomb:1   | Killed a royal mummy
 89391 | Tomb:1   | Killed a royal mummy
 89392 | Tomb:1   | Killed a royal mummy
 89408 | Tomb:1   | Killed a royal mummy
 89692 | Tomb:1   | Noticed a royal mummy
 89701 | Tomb:1   | Killed a royal mummy
 89703 | Tomb:1   | Noticed a royal mummy
 89709 | Tomb:1   | Killed a royal mummy
 89794 | Tomb:1   | Noticed a royal mummy
 89800 | Tomb:1   | Killed a royal mummy
 89843 | Tomb:1   | Noticed a royal mummy
 89857 | Tomb:1   | Killed a royal mummy
 90019 | Tomb:1   | Noticed a royal mummy
 90024 | Tomb:1   | Killed a royal mummy
 90088 | Tomb:1   | Noticed a royal mummy
 90095 | Tomb:1   | Killed a royal mummy
 90096 | Tomb:1   | Reached skill level 20 in Necromancy
 90101 | Tomb:1   | Noticed a royal mummy
 90101 | Tomb:1   | Noticed a royal mummy
 90106 | Tomb:1   | Killed a royal mummy
 90109 | Tomb:1   | Killed a royal mummy
 90110 | Tomb:1   | Reached skill level 23 in Spellcasting
 90111 | Tomb:1   | Noticed a royal mummy
 90113 | Tomb:1   | Noticed a royal mummy
 90409 | Tomb:1   | Killed a royal mummy
 90416 | Tomb:1   | Killed a royal mummy
 90425 | Tomb:1   | Noticed a royal mummy
 90428 | Tomb:1   | Killed a royal mummy
 90435 | Tomb:1   | Noticed a royal mummy
 90606 | Tomb:1   | Noticed a royal mummy
 90612 | Tomb:1   | Noticed a royal mummy
 90617 | Tomb:1   | Noticed a royal mummy
 90621 | Tomb:1   | Killed a royal mummy
 90622 | Tomb:1   | Killed a royal mummy
 90624 | Tomb:1   | Killed a royal mummy
 90625 | Tomb:1   | Reached XP level 27. HP: 42/155 MP: 5/52
 90627 | Tomb:1   | Noticed a royal mummy
 90630 | Tomb:1   | Killed a royal mummy
 90638 | Tomb:1   | Killed a royal mummy
 90970 | Crypt:3  | Learned a level 4 spell: Passage of Golubria
 91381 | Tomb:1   | Learned a level 4 spell: Anguish
 91385 | Tomb:1   | Learned a level 3 spell: Swiftness
 91844 | Zot:1    | Entered Level 1 of the Realm of Zot
 91847 | Zot:1    | Found the +4 dragonskin cloak
 91847 | Zot:1    | Noticed Tiamat
 91855 | Zot:1    | Reached skill level 21 in Necromancy
 91856 | Zot:1    | Reached skill level 24 in Spellcasting
 91870 | Zot:1    | Killed Tiamat
 93003 | Zot:1    | Reached skill level 22 in Necromancy
 93006 | Zot:1    | Found a stormy altar of Qazlal.
 93778 | Zot:2    | Reached skill level 25 in Spellcasting
 93852 | Zot:2    | Identified the +0 pair of boots of Woec {^Contam rF++ rCorr
                  | MP+9}
 95270 | Zot:3    | Reached skill level 23 in Necromancy
 95402 | Zot:3    | Found a transporter.
 95551 | Zot:3    | Reached skill level 26 in Spellcasting
 95781 | Zot:3    | Noticed wilo's ghost (master MfBe)
 95793 | Zot:3    | Found a transporter.
 95794 | Zot:3    | Noticed a dread lich
 96471 | Zot:3    | Identified the +9 battleaxe "Worm's Wrath" {antimagic,
                  | rPois Will+ Str+3}
 96858 | Zot:3    | Reached skill level 24 in Necromancy
 97418 | Zot:4    | Reached skill level 27 in Spellcasting
 98042 | Zot:4    | Noticed a dread lich
 98048 | Zot:4    | Killed a dread lich
 98051 | Zot:4    | Reached skill level 25 in Necromancy
 98073 | Zot:4    | Noticed an ancient lich
 98082 | Zot:4    | Killed an ancient lich
 98342 | Zot:4    | Reached skill level 15 in Fire Magic
 98992 | Zot:5    | Entered Level 5 of the Realm of Zot
 99007 | Zot:4    | Learned a level 8 spell: Maxwell's Capacitive Coupling
 99014 | Zot:4    | Learned a level 5 spell: Yara's Violent Unravelling
 99346 | Vaults:2 | Reached skill level 1 in Air Magic
 99849 | Pan      | Entered Pandemonium
 99865 | Pan      | Reached skill level 2 in Air Magic
 99950 | Pan      | Noticed Kaelauju the pandemonium lord
 99957 | Pan      | Killed Kaelauju the pandemonium lord
 99958 | Pan      | Reached skill level 3 in Air Magic
 99979 | Pan      | Reached skill level 4 in Air Magic
100364 | Pan      | Reached skill level 5 in Air Magic
100677 | Pan      | Identified the staff of the Eight Ziggurats {^Contam rC+
                  | MP+9 Dex-2 Hexes Tloc Ice}
100687 | Pan      | Reached skill level 6 in Air Magic
100786 | Pan      | Found a transporter.
100821 | Pan      | Reached skill level 7 in Air Magic
100983 | Pan      | Found a transporter.
100988 | Pan      | Identified the ring "Jeir" {Fly Str+3}
100997 | Pan      | Identified the amulet "Jer Ilas" {Acrobat rPois rC+ rCorr}
101029 | Pan      | Reached skill level 8 in Air Magic
101102 | Pan      | Reached skill level 1 in Throwing
101128 | Pan      | Reached skill level 2 in Throwing
101263 | Pan      | Learned a level 6 spell: Death Channel
101524 | Pan      | Entered the realm of Mnoleg.
101540 | Pan      | Gained mutation: You are occasionally teleported next to
                  | monsters. [a neqoxec]
101561 | Pan      | Reached skill level 3 in Throwing
101699 | Pan      | Reached skill level 4 in Throwing
101725 | Pan      | Learned a level 1 spell: Apportation
101791 | Pan      | Reached skill level 9 in Air Magic
101848 | Pan      | Reached skill level 5 in Throwing
101904 | Pan      | Reached skill level 6 in Throwing
101997 | Pan      | Reached skill level 7 in Throwing
102032 | Pan      | Reached skill level 10 in Air Magic
102036 | Pan      | Reached skill level 8 in Throwing
102067 | Pan      | Noticed Mnoleg
102095 | Pan      | Killed Mnoleg
102112 | Pan      | Lost mutation: You expend magic power (3 MP) to strengthen
                  | your wands. [potion of mutation]
102112 | Pan      | Lost mutation: You are occasionally teleported next to
                  | monsters. [potion of mutation]
102112 | Pan      | Lost mutation: Your mind is acute. (Int +4, Str/Dex -1)
                  | [potion of mutation]
102112 | Pan      | Gained mutation: You passively map a small area around you.
                  | [potion of mutation]
102117 | Pan      | Got a glowing rune of Zot
102282 | Pan      | Gained mutation: You are frail. (-10% HP) [a neqoxec]
102285 | Pan      | Gained mutation: You are very frail. (-20% HP) [a neqoxec]
102691 | Pan      | Reached skill level 11 in Air Magic
102893 | Pan      | Entered the realm of Cerebov.
103110 | Pan      | Reached skill level 12 in Fighting
103151 | Pan      | Found an exit through the horrors of the Abyss.
103307 | Pan      | Reached skill level 12 in Air Magic
103433 | Pan      | Identified the +6 great mace of Infinity {pain, rN+}
103829 | Pan      | Identified the ring "Emet" {rPois rC- rN++ Will+ Stlth+}
103830 | Pan      | Identified the +2 pair of boots of Hosm {rC+ Int+5}
103991 | Pan      | Found the +6 sword of Cerebov {flame}
103991 | Pan      | Noticed Cerebov
103997 | Pan      | Killed Cerebov
103998 | Pan      | Reached skill level 13 in Fighting
103998 | Pan      | Reached skill level 13 in Air Magic
104421 | Pan      | Got a fiery rune of Zot
104495 | Pan      | Identified the +5 plate armour "Qesenamp" {rF+ rC+ Will+
                  | Str+4}
104496 | Pan      | Identified the +0 buckler "Cigeimmuu" {rN+}
104912 | Pan      | Identified the +5 scale mail of Eshab {Fly Regen+ Int+3}
105126 | Pan      | Took an exit into the Abyss.
105126 | Abyss:3  | Escaped into the Abyss
105141 | Depths:2 | Escaped the Abyss
105174 | Depths:1 | Lost mutation: You are very frail. (-20% HP) [potion of
                  | mutation]
105174 | Depths:1 | Lost mutation: You are very agile. (Dex +8, Str/Int -2)
                  | [potion of mutation]
105174 | Depths:1 | Gained mutation: You have supernaturally acute eyesight.
                  | (SInv) [potion of mutation]
105174 | Depths:1 | Gained mutation: You are partially covered in iridescent
                  | scales. (AC +2) [potion of mutation]
105174 | Depths:1 | Gained mutation: You expend magic power (3 MP) to
                  | strengthen your wands. [potion of mutation]
105428 | Pan      | Entered Pandemonium
105428 | Pan      | Noticed Lyusamm the pandemonium lord
105435 | Pan      | Killed Lyusamm the pandemonium lord
105436 | Pan      | Reached skill level 14 in Air Magic
105447 | Pan      | Got a demonic rune of Zot
106115 | Pan      | Noticed Cakliza the pandemonium lord
106117 | Pan      | Reached skill level 14 in Fighting
106121 | Pan      | Killed Cakliza the pandemonium lord
106373 | Pan      | Reached skill level 15 in Air Magic
106447 | Pan      | Found an exit through the horrors of the Abyss.
106472 | Pan      | Took an exit into the Abyss.
106472 | Abyss:3  | Escaped into the Abyss
106472 | Abyss:3  | Found a corrupted altar of Lugonu.
106516 | Abyss:3  | Found a transporter.
106698 | Abyss:3  | Found a corrupted altar of Lugonu.
106715 | Depths:2 | Escaped the Abyss
106817 | Pan      | Entered Pandemonium
107093 | Pan      | Gained mutation: You are dopey. (Int -2) [a cacodemon]
107208 | Pan      | Found an exit through the horrors of the Abyss.
107325 | Pan      | Reached skill level 15 in Fighting
107358 | Pan      | Reached skill level 16 in Air Magic
107754 | Pan      | Entered the realm of Lom Lobon.
107918 | Pan      | Found an exit through the horrors of the Abyss.
108599 | Pan      | Reached skill level 16 in Fighting
108726 | Pan      | Noticed Lom Lobon
108731 | Pan      | Killed Lom Lobon
108761 | Pan      | Got a magical rune of Zot
109021 | Pan      | Entered the realm of Gloorx Vloq.
109021 | Pan      | Found an exit through the horrors of the Abyss.
109907 | Pan      | Reached skill level 12 in Long Blades
109940 | Pan      | Reached skill level 16 in Dodging
110002 | Pan      | Noticed Gloorx Vloq
110014 | Pan      | Killed Gloorx Vloq
110057 | Pan      | Got a dark rune of Zot
110234 | Pan      | Identified the +3 short sword "Fynorucug" {antimagic, rN+
                  | Will+ Stlth+}
110384 | Pan      | Reached skill level 17 in Dodging
110620 | Pan      | Reached skill level 13 in Long Blades
110994 | Pan      | Took an exit into the Abyss.
110994 | Abyss:3  | Escaped into the Abyss
110998 | Abyss:3  | Found a corrupted altar of Lugonu.
111275 | Depths:2 | Escaped the Abyss
112114 | Vaults:1 | Bought a potion of lignification for 51 gold pieces
112114 | Vaults:1 | Bought a potion of lignification for 51 gold pieces
112583 | Tomb:2   | Noticed a royal mummy
112583 | Tomb:2   | Noticed a royal mummy
112625 | Tomb:2   | Reached skill level 18 in Dodging
112960 | Tomb:2   | Noticed a royal mummy
112963 | Tomb:2   | Noticed a royal mummy
112984 | Tomb:2   | Killed a royal mummy
113420 | Tomb:2   | Killed a royal mummy
113422 | Tomb:2   | Killed a royal mummy
113424 | Tomb:2   | Reached skill level 14 in Long Blades
113428 | Tomb:2   | Killed a royal mummy
113429 | Tomb:2   | Reached skill level 15 in Shields
114268 | Tomb:3   | Entered Level 3 of the Tomb of the Ancients
114277 | Tomb:3   | Found the +10 zealot's sword {holy, Zealotry, *Rage rN+
                  | EV+3}
114279 | Tomb:3   | Found the +2 Maxwell's thermic engine {flame, freeze, rev}
114350 | Tomb:3   | Noticed a royal mummy
114351 | Tomb:3   | Noticed a royal mummy
114352 | Tomb:3   | Noticed a royal mummy
114355 | Tomb:3   | Noticed a royal mummy
114357 | Tomb:3   | Killed a royal mummy
114359 | Tomb:3   | Noticed a royal mummy
114359 | Tomb:3   | Killed a royal mummy
114360 | Tomb:3   | Noticed a royal mummy
114370 | Tomb:2   | Reached skill level 19 in Dodging
114694 | Tomb:3   | Noticed a royal mummy
114694 | Tomb:3   | Noticed a royal mummy
114702 | Tomb:3   | Killed a royal mummy
114702 | Tomb:3   | Killed a royal mummy
114707 | Tomb:3   | Reached skill level 1 in Hexes
114711 | Tomb:3   | Reached skill level 2 in Hexes
114714 | Tomb:3   | Killed a royal mummy
114715 | Tomb:3   | Reached skill level 3 in Hexes
114759 | Tomb:3   | Reached skill level 4 in Hexes
114759 | Tomb:3   | Reached skill level 10 in Evocations
114760 | Tomb:3   | Noticed a royal mummy
114767 | Tomb:3   | Killed a royal mummy
114771 | Tomb:3   | HP: 14/153 [??? (1)]
114779 | Tomb:3   | Killed a royal mummy
114787 | Tomb:3   | Killed a royal mummy
114788 | Tomb:3   | Killed a royal mummy
115154 | Tomb:3   | Got a golden rune of Zot
115163 | Tomb:3   | Identified the maw talisman of the Blind Marksman {rElec
                  | Int+4}
115239 | Tomb:3   | Identified the +1 plate armour of the Garden {rElec Will+
                  | Dex-2 Stlth+}
115253 | Tomb:3   | Identified the staff of Ruly {^Drain rPois rC++ MP-9 Dex+3
                  | Alchemy}
115255 | Tomb:3   | Identified the +3 ring mail of the Guild-Master {Fly rElec
                  | rF+++ Str-4}
115262 | Tomb:3   | Identified the +3 scale mail "Tiestraah" {Dex+5}
115266 | Tomb:3   | Identified the staff of Healua {rF- rN+ rCorr Str+5 Summ
                  | Necro}
115465 | Tomb:3   | Identified the +10 arbalest of the Bespelling Gods {elec,
                  | MP-9 Str+4}
116140 | Hell     | Entered the Vestibule of Hell
116140 | Hell     | Noticed Geryon
116153 | Hell     | Reached skill level 11 in Evocations
116157 | Hell     | Killed Geryon
116197 | Hell     | Found a gateway to the freezing wastes of Cocytus.
116261 | Hell     | Found a gateway to the decaying netherworld of Tartarus.
116382 | Hell     | Reached skill level 9 in Throwing
116502 | Hell     | Found a gateway to the ashen valley of Gehenna.
116683 | Hell     | Found a gateway to the Iron City of Dis.
116758 | Hell     | Reached skill level 20 in Dodging
116955 | Zig:1    | Entered Level 1 of a ziggurat
116980 | Zig:2    | Entered Level 2 of a ziggurat
117007 | Zig:2    | Reached skill level 12 in Throwing
117015 | Zig:3    | Entered Level 3 of a ziggurat
117065 | Zig:4    | Entered Level 4 of a ziggurat
117139 | Zig:5    | Entered Level 5 of a ziggurat
117202 | Zig:6    | Entered Level 6 of a ziggurat
117216 | Zig:6    | Reached skill level 13 in Throwing
117564 | Zig:7    | Entered Level 7 of a ziggurat
117708 | Zig:7    | Identified the +5 gold dragon scales of the Monk {rPois rF+
                  | rC+ Int+3}
117715 | Zig:7    | Identified the +4 halberd of Jokluag {venom, *Noise +Blink
                  | Int+5}
117729 | Zig:8    | Entered Level 8 of a ziggurat
117746 | Zig:8    | Reached skill level 21 in Dodging
117763 | Zig:8    | Identified the +7 sling "Ucrung" {freeze, rPois}
117809 | Zig:9    | Entered Level 9 of a ziggurat
117863 | Zig:9    | Identified the +4 dagger of Inference {venom, rC- rN++ SInv
                  | Stlth+}
117864 | Zig:9    | Identified the +9 war axe "Jutump Rapa" {drain, Str+3 SInv
                  | Stlth+}
117867 | Zig:9    | Reached skill level 22 in Dodging
117869 | Zig:9    | Identified the +3 sling of Broken Luck {drain, rF- rN+
                  | Will++ rCorr}
117879 | Zig:9    | Identified the +0 crystal plate armour of Cayxted {*Slow
                  | rF+++ rCorr SInv}
117946 | Zig:10   | Entered Level 10 of a ziggurat
117968 | Zig:10   | Identified the amulet "Wycwagei" {Reflect rN+ Str+3 SH+5}
117975 | Zig:10   | Acquired the +1 pair of gloves "Raqywy" {rC+}
118161 | Zig:10   | Acquired a manual of Evocations
118180 | Zig:10   | Identified the staff "Norosh" {rElec Dex+5 Air}
118193 | Zig:11   | Entered Level 11 of a ziggurat
118200 | Zig:11   | Noticed Ditrocef the pandemonium lord
118201 | Zig:11   | Noticed Giap the pandemonium lord
118207 | Zig:11   | Killed Giap the pandemonium lord
118208 | Zig:11   | Reached skill level 23 in Dodging
118208 | Zig:11   | Killed Ditrocef the pandemonium lord
118571 | Zig:12   | Entered Level 12 of a ziggurat
118585 | Zig:12   | Reached skill level 13 in Evocations
118621 | Zig:12   | Identified the +2 pair of gloves of the Hidden Vale {rF+
                  | Will++}
118635 | Zig:12   | Identified the +0 scale mail "Dickosan" {Will+ MP+9 Str+4
                  | Int+3}
118730 | Zig:13   | Entered Level 13 of a ziggurat
118742 | Zig:13   | Reached skill level 14 in Evocations
118755 | Zig:13   | Identified the +1 robe "Cycocs" {Will- Int+3}
118830 | Zig:13   | Identified the +3 ring mail of Biuzut {rPois rC+}
118874 | Zig:14   | Entered Level 14 of a ziggurat
118891 | Zig:14   | Reached skill level 6 in Armour
118891 | Zig:14   | Reached skill level 15 in Evocations
118894 | Zig:14   | Found the +8 whip "Snakebite" {venom, curare, rPois}
118895 | Zig:14   | Found the +7 hand cannon "Mule" {flame, backblast, rF+}
118903 | Zig:14   | Identified the ring "Soal" {rPois Int+5 Slay-2}
118913 | Zig:14   | Identified the staff of the Slime-mould {*Corrode rPois rF+
                  | Tloc Fire Ice}
118923 | Zig:14   | Identified the +4 flail of Change {antimagic, *Corrode
                  | ^Drain Str+7 Stlth+}
119079 | Zig:15   | Entered Level 15 of a ziggurat
119096 | Zig:15   | Reached skill level 7 in Armour
119101 | Zig:15   | Reached skill level 16 in Evocations
119121 | Zig:15   | Identified the ring of Fanurph {Ice Dex+2}
119254 | Zig:15   | Identified the +0 leather armour of Subjectivity {rElec}
119256 | Zig:15   | Identified the +2 pair of gloves "Peelofov" {rElec MP+9}
119398 | Zig:16   | Entered Level 16 of a ziggurat
119416 | Zig:16   | Reached skill level 8 in Armour
119736 | Zig:16   | Identified the +0 plate armour of Magic {rC+}
119740 | Zig:16   | Identified the +0 leather armour "Cammoawk" {rN++}
119745 | Zig:16   | Identified the +9 dagger of Defiance {flame, rC++ rCorr}
119748 | Zig:16   | Identified the +2 flail "Corul" {drain, rElec rF+}
119753 | Zig:16   | Identified the +0 scale mail of the Gastropod {rC+ Regen+}
119754 | Zig:16   | Identified the staff of the Warrior-Mage {rF+ rC+ MP+9
                  | Fire}
119755 | Zig:16   | Identified the +3 chain mail of the Orcish Mines {Will+}
119797 | Zig:17   | Entered Level 17 of a ziggurat
119807 | Zig:17   | Reached skill level 9 in Armour
119813 | Zig:17   | Reached skill level 10 in Armour
119891 | Zig:17   | Found the +10 dark maul {heavy}
119904 | Zig:17   | Identified the +6 fire dragon scales "Ruipyem" {rF++ rC-
                  | Int+5}
119926 | Zig:18   | Entered Level 18 of a ziggurat
119943 | Zig:18   | Reached skill level 11 in Armour
119953 | Zig:18   | Noticed Fylomiox the pandemonium lord
119962 | Zig:18   | Killed Fylomiox the pandemonium lord
119988 | Zig:18   | Reached skill level 17 in Evocations
120211 | Zig:18   | Identified the ring "Baac" {Will+ SInv}
120220 | Zig:18   | Identified the ring "Kitzoaq" {*Slow rF+ rN+ Will+ Str+2}
120235 | Zig:18   | Identified the +9 arbalest "Acrerieme" {penet, rF+}
120262 | Zig:19   | Entered Level 19 of a ziggurat
120275 | Zig:19   | Reached skill level 18 in Evocations
120289 | Zig:19   | Reached skill level 16 in Fire Magic
120377 | Zig:19   | Identified the amulet of Buoraw {Acrobat +Blink rPois rF-}
120413 | Zig:20   | Entered Level 20 of a ziggurat
120425 | Zig:20   | Reached skill level 19 in Evocations
120430 | Zig:20   | Reached skill level 20 in Evocations
120444 | Zig:20   | Found the +8 demon blade "Leech" {evervamp, Harm ^Drain
                  | rN+}
120510 | Zig:20   | Identified the staff of Pandemonium {rPois Dex+3 Alchemy}
120522 | Zig:20   | Identified the +7 flail of Tiych {flame, Fly Str+3 Dex+2}
120527 | Zig:20   | Reached skill level 17 in Fire Magic
120540 | Zig:20   | Reached skill level 18 in Fire Magic
120555 | Zig:21   | Entered Level 21 of a ziggurat
120561 | Zig:21   | Noticed a royal mummy
120562 | Zig:21   | Noticed a royal mummy
120564 | Zig:21   | Noticed a royal mummy
120568 | Zig:21   | Noticed a royal mummy
120568 | Zig:21   | Noticed a royal mummy
120569 | Zig:21   | Killed a royal mummy
120569 | Zig:21   | Killed a royal mummy
120569 | Zig:21   | Noticed a royal mummy
120570 | Zig:21   | Noticed a royal mummy
120570 | Zig:21   | Noticed a royal mummy
120572 | Zig:21   | Killed a royal mummy
120572 | Zig:21   | Killed a royal mummy
120573 | Zig:21   | Noticed a royal mummy
120573 | Zig:21   | Noticed a royal mummy
120576 | Zig:21   | Killed a royal mummy
120576 | Zig:21   | Killed a royal mummy
120576 | Zig:21   | Killed a royal mummy
120576 | Zig:21   | Killed a royal mummy
120577 | Zig:21   | Reached skill level 21 in Evocations
120577 | Zig:21   | Noticed a royal mummy
120579 | Zig:21   | Killed a royal mummy
120581 | Zig:21   | Killed a royal mummy
120583 | Zig:21   | Killed a royal mummy
120584 | Zig:21   | Reached skill level 22 in Evocations
120898 | Zig:21   | Found the +7 sceptre of Torment {pain, torment}
120904 | Zig:21   | Identified the ring "Juban" {rPois rC++ Str+6 Int-3}
120918 | Zig:21   | Identified the ring of Goppuod {rF+ Int+4}
120919 | Zig:21   | Identified the +1 robe of Monotheism {rF+ rC+}
120924 | Zig:21   | Identified the +1 long sword "Jitaqi" {flame, rN++ Dex+3}
120925 | Zig:21   | Identified the staff "Wocliuna" {rF+ Int+3 Dex+4 Fire}
120940 | Zig:22   | Entered Level 22 of a ziggurat
120955 | Zig:22   | Noticed an ancient lich
120957 | Zig:22   | Reached skill level 3 in Alchemy
120958 | Zig:22   | Reached skill level 4 in Alchemy
120960 | Zig:22   | Reached skill level 5 in Alchemy
120960 | Zig:22   | Killed an ancient lich
120961 | Zig:22   | Reached skill level 19 in Fire Magic
120961 | Zig:22   | Found the +3 Elemental Staff {ele, rElec rF+ rC+ AC+3}
120965 | Zig:22   | Noticed an ancient lich
120969 | Zig:22   | Killed an ancient lich
121115 | Zig:22   | Identified the +0 kite shield "Muurr" {rElec}
121138 | Zig:23   | Entered Level 23 of a ziggurat
121152 | Zig:23   | Reached skill level 20 in Fire Magic
121160 | Zig:23   | Reached skill level 21 in Fire Magic
121168 | Zig:23   | Found the +8 Vampire's Tooth {megavamp}
121180 | Zig:23   | Identified the +2 pair of boots "Ketwoumm" {Int+6 Slay+5}
121246 | Zig:23   | Identified the amulet of Fuyquj {rElec Will+ Regen+}
121250 | Zig:23   | Identified the staff of Dituta {Will- Str-5 Int+3 Dex+9
                  | Conj}
121253 | Zig:23   | Identified the staff of Zin's Delight {MP+9 Int+6 Conj}
121256 | Zig:23   | Identified the +8 battleaxe "Idwax" {freeze, Dex+2 SInv}
121279 | Zig:24   | Entered Level 24 of a ziggurat
121292 | Zig:24   | Reached skill level 17 in Air Magic
121299 | Zig:24   | Reached skill level 18 in Air Magic
121484 | Zig:24   | Reached skill level 19 in Air Magic
121495 | Zig:24   | Identified the dragon-blood talisman of the Blessed Realm
                  | {rN++ Stlth+}
121513 | Zig:25   | Entered Level 25 of a ziggurat
121540 | Zig:25   | Reached skill level 20 in Air Magic
121566 | Zig:25   | Reached skill level 21 in Air Magic
121824 | Zig:25   | Found the +7 great mace "Undeadhunter" {deathbane, rN+}
121833 | Zig:25   | Identified the ring "Berarcheo" {Will+++ MP+9 Str-4 Int-4
                  | SInv}
121837 | Zig:25   | Reached skill level 17 in Fighting
121842 | Zig:25   | Identified the ring of the Dull God {rF+ rN++ Will+ Stlth-}
121844 | Zig:25   | Identified the +0 scimitar of Dismay {spect, rPois Will+}
121861 | Zig:26   | Entered Level 26 of a ziggurat
121880 | Zig:26   | Noticed an ancient lich
121881 | Zig:26   | Noticed a dread lich
121888 | Zig:26   | Noticed an ancient lich
121888 | Zig:26   | Noticed an ancient lich
121889 | Zig:26   | Killed an ancient lich
121890 | Zig:26   | Noticed an ancient lich
121891 | Zig:26   | Killed a dread lich
121891 | Zig:26   | Killed an ancient lich
121892 | Zig:26   | Reached skill level 22 in Air Magic
121893 | Zig:26   | Killed an ancient lich
121894 | Zig:26   | Reached skill level 22 in Fire Magic
121894 | Zig:26   | Killed an ancient lich
121894 | Zig:26   | Noticed an ancient lich
121895 | Zig:26   | Noticed a dread lich
121895 | Zig:26   | Noticed an ancient lich
121898 | Zig:26   | Killed a dread lich
121899 | Zig:26   | Killed an ancient lich
121899 | Zig:26   | Killed an ancient lich
121900 | Zig:26   | Noticed an ancient lich
121901 | Zig:26   | Killed an ancient lich
121902 | Zig:26   | Reached skill level 23 in Fire Magic
122251 | Zig:26   | Found the +11 plutonium sword {^Contam Stlth-}
122257 | Zig:26   | Identified the staff of Pride {rElec Str+2 Int+2 Necro Air}
122259 | Zig:26   | Identified the amulet of the Lich-sworn {Faith ^Drain rPois
                  | rCorr Slay+3}
122260 | Zig:26   | Identified the +1 falchion of Wisdom {heavy, *Slow +Blink
                  | rPois rCorr}
122272 | Zig:26   | Identified the +2 robe of Loss {rC- rN++ Will+ Slay+2}
122290 | Zig:26   | Identified the staff of the Red God {rCorr Str+2 Earth}
122300 | Zig:27   | Entered Level 27 of a ziggurat
122323 | Zig:27   | Reached skill level 24 in Fire Magic
122332 | Zig:27   | Reached skill level 25 in Fire Magic
122354 | Zig:27   | Identified the +1 pair of boots of Beogh's Grace {+Blink
                  | rF- rC+++ Regen+}
122360 | Zig:27   | Identified the +0 helmet of Woafrif {Fly rElec Str-2 Int+3}
122370 | Zig:27   | Identified the +5 scale mail "Fotroc" {rN++ Stlth-}
122473 | Zig:1    | Entered Level 1 of a ziggurat
122493 | Zig:2    | Entered Level 2 of a ziggurat
122592 | Zig:3    | Entered Level 3 of a ziggurat
122594 | Zig:3    | Noticed an ancient lich
122600 | Zig:3    | Killed an ancient lich
122679 | Zig:4    | Entered Level 4 of a ziggurat
122686 | Zig:4    | Reached skill level 14 in Throwing
122704 | Zig:5    | Entered Level 5 of a ziggurat
122754 | Zig:6    | Entered Level 6 of a ziggurat
122763 | Zig:6    | Reached skill level 10 in Ranged Weapons
122763 | Zig:6    | Reached skill level 12 in Armour
122791 | Zig:6    | Identified the ring of Cicsijam {rPois Will+ Str+6}
122795 | Zig:6    | Identified the +9 rapier "Tiysipt" {protect, rElec}
122796 | Zig:6    | Identified the +9 lajatang "Ulugif" {freeze, rElec rF++ rN+
                  | Str+3}
122806 | Zig:7    | Entered Level 7 of a ziggurat
122813 | Zig:7    | Noticed Evyosud the pandemonium lord
122815 | Zig:7    | Reached skill level 11 in Ranged Weapons
122820 | Zig:7    | Killed Evyosud the pandemonium lord
122970 | Zig:8    | Entered Level 8 of a ziggurat
122986 | Zig:8    | Reached skill level 12 in Ranged Weapons
123135 | Zig:8    | Identified the ring "Vots" {Dex+6 Stlth+}
123137 | Zig:8    | Reached skill level 13 in Ranged Weapons
123149 | Zig:9    | Entered Level 9 of a ziggurat
123160 | Zig:9    | Noticed Nata the pandemonium lord
123161 | Zig:9    | Reached skill level 14 in Ranged Weapons
123164 | Zig:9    | Reached skill level 13 in Armour
123168 | Zig:9    | Killed Nata the pandemonium lord
123501 | Zig:10   | Entered Level 10 of a ziggurat
123506 | Zig:10   | Noticed Uneng the pandemonium lord
123506 | Zig:10   | Noticed Axketieduo the pandemonium lord
123508 | Zig:10   | Noticed Ymaor the pandemonium lord
123510 | Zig:10   | Killed Axketieduo the pandemonium lord
123516 | Zig:10   | Killed Ymaor the pandemonium lord
123517 | Zig:10   | Reached skill level 15 in Ranged Weapons
123517 | Zig:10   | Killed Uneng the pandemonium lord
123953 | Zot:5    | Reached skill level 17 in Ice Magic
123963 | Zot:5    | Gained mutation: You occasionally shout uncontrollably at
                  | your foes. [mutagenic glow]
123974 | Zot:5    | Reached skill level 16 in Ranged Weapons
123978 | Zot:5    | Gained mutation: You have a pair of small antennae on your
                  | head. [mutagenic glow]
123996 | Zot:4    | Gained mutation: You are very frail. (-20% HP) [mutagenic
                  | glow]
124257 | Zot:4    | Lost mutation: You have supernaturally acute eyesight.
                  | (SInv) [potion of mutation]
124257 | Zot:4    | Lost mutation: You passively map a small area around you.
                  | [potion of mutation]
124257 | Zot:4    | Gained mutation: Your flesh is cold resistant. (rC+)
                  | [potion of mutation]
124257 | Zot:4    | Gained mutation: You have sharp fingernails. [potion of
                  | mutation]
124258 | Zot:4    | Lost mutation: You are dopey. (Int -2) [potion of mutation]
124258 | Zot:4    | Lost mutation: Your flesh is cold resistant. (rC+) [potion
                  | of mutation]
124258 | Zot:4    | Gained mutation: You are strong-willed. (Will+) [potion of
                  | mutation]
124258 | Zot:4    | Gained mutation: You are partially covered in large bone
                  | plates. (SH +4) [potion of mutation]
124489 | Zot:5    | Found Renycho's CLEARANCE SALE!.
124718 | Zot:5    | Noticed an orb of fire
124740 | Zot:5    | Killed an orb of fire
124741 | Zot:5    | Reached skill level 17 in Ranged Weapons
124809 | Zot:5    | Reached skill level 18 in Ice Magic
124885 | Zot:5    | Reached skill level 18 in Ranged Weapons
124899 | Zot:5    | Got the Orb of Zot
125102 | Zot:1    | Noticed Yfa Waot the pandemonium lord
125111 | Zot:1    | Killed Yfa Waot the pandemonium lord
125135 | Zot:1    | Noticed Beharapn the pandemonium lord
125166 | Depths:4 | Noticed Jausch the pandemonium lord
125171 | Depths:4 | Killed Jausch the pandemonium lord
125172 | Depths:4 | Reached skill level 19 in Ice Magic
125303 | D:14     | Gained mutation: You are weak. (Str -2) [a cacodemon]
125306 | D:14     | Lost mutation: You are strong-willed. (Will+) [a cacodemon]
125365 | D:10     | Noticed Bagub the pandemonium lord
125370 | D:10     | Reached skill level 19 in Ranged Weapons
125375 | D:10     | Killed Bagub the pandemonium lord
125459 | D:5      | Noticed a seraph
125550 | D:1      | Noticed Ykari the pandemonium lord
125556 | D:1      | Killed Ykari the pandemonium lord
125597 | D:1      | Noticed Ytiduob the pandemonium lord
125603 | D:1      | Killed Ytiduob the pandemonium lord
125625 | D:$      | Escaped with the Orb!

Illustrated notes

.....#.P### ..........##
...........#
...........# .
..##..#...## ..
...####...### ###...
...## #.....# ###....##
....####...#####P......#
.......#..#...#Pe.......
%.......................
........................
.......[................
...................#.##.
...................#?#
...................# .
..................... .
.....................


Turn 22093 on Lair:5: comeatme

Levels and vault maps discovered:
D:1:      wheals_arrival_shading, layout_basic
D:2:      layout_rooms, basic_altar
D:3:      layout_basic, pf_just_have_faith, serial_shops,
          nicolae_shop_advertising_works [nicolae_subvault_shop_adworks],
          dk_noncrumbling_2, chequers_serial_rivers_marsh, uniq_grinder
D:4:      layout_loops_corners, lemuel_crystal_altar,
          nicolae_tso_carved_into_rock, corexii_hall_statues_x
D:5:      layout_basic, mainiacjoe_overflow_alcove_1,
          nicolae_sif_muna_little_library
D:6:      layout_basic, nzn_wu_jian_contemplation, fiery_altar_vehumet,
          minmay_temple_entry_antechambers
D:7:      cheibrodos_fertilizer, layout_loops_ring,
          mainiacjoe_overflow_concentric_impassable, grunt_temple_overflow_open
D:8:      layout_loops_corners, gammafunk_temple_overflow_statue, serial_shops,
          shop, uniq_joseph, uniq_psyche
D:9:      layout_basic, lemuel_doored_altar, hiddenorc1_lemuel,
          serial_co_window_serial, co_window_paths_b,
          co_window_of_opportunity_a, co_window_paths_b, co_window_corner_a,
          co_window_paths_a, co_window_corner_b, co_window_broadway_c,
          co_window_paths_c, co_window_unsneaky_path_d, co_window_2corner,
          co_window_unsneaky_path_b, co_window_2corner, co_window_paths_d,
          glass_columns_b, glass_columns_b, uniq_erica, uniq_pikel
D:10:     minmay_shrinking_squares, layout_long_grid, enter_bailey_4,
          uniq_sonja, uniq_fannar
D:11:     layout_rooms, minmay_lair_entry_grove, serial_shops,
          nicolae_shop_tiny_glass, serial_glass, glass_columns_a,
          glass_columns_c, due_unseen_surprise
D:12:     layout_roguey, the_hattery, uniq_maurice
D:13:     layout_loops_ring, hellmonk_vaults_keyhole, uniq_frances, uniq_rupert
D:14:     layout_gridville, elyvilon_altar_5, minmay_shop_enchanted_jewellery,
          uniq_jorgrun, uniq_agnes, uniq_josephine, uniq_lodul, uniq_snorg
D:15:     hangedman_depths_entry_civil_slaughter, layout_gridville,
          gammafunk_ghost_ooze, minmay_strange_pillars
Lair:1:   wander_river, layout_regular_city, grunt_megastairs_5, uniq_gastronok
Lair:2:   layout_small_grid, nicolae_spider_entry_non_spiders,
          grunt_forest_stairs_clearing, serial_bayou_shore_b
Lair:3:   layout_roguey, minmay_swamp_entry_worms
Lair:4:   layout_regular_city, minmay_slime_entry_pillars, lemuel_fruit_fields
Lair:5:   hellmonk_lair_end_abyssal_woods, layout_small_grid,
          ebering_ghost_funeral_grove, st_stairs_8, infiniplex_staircase_pool_2
Swamp:1:  layout_falls_marsh, evilmike_swamp_ruin_rubble_2, swamp_pool_3,
          infiniplex_staircase_pool
Swamp:2:  layout_basic_swamp, evilmike_swamp_ruin_house_4,
          nicolae_swamp_tree_isthmus
Swamp:3:  layout_basic_swamp, serial_swamp_ruin, hangedman_swamp_ruin_hall,
          evilmike_swamp_ruin_house_2
Swamp:4:  swamp_old_school, layout_basic_swamp, hangedman_swamp_blocks
Spider:1: layout_chambers, nicolae_spider_spiderdrome
Spider:2: layout_spider_delve, uniq_arachne
Spider:3: nicolae_spider_hilbert_zone_2 [nicolae_spider_hilbert_4_sides_1_open,
          nicolae_spider_hilbert_4_sides_1_open,
          nicolae_spider_hilbert_4_sides_1_open,
          nicolae_spider_hilbert_4_sides_1_open,
          nicolae_spider_hilbert_6_sides_1_open,
          nicolae_spider_hilbert_6_sides_1_open,
          nicolae_spider_hilbert_3_sides_1_open,
          nicolae_spider_hilbert_3_sides_1_open,
          nicolae_spider_hilbert_3_sides_1_open,
          nicolae_spider_hilbert_3_sides_1_open,
          nicolae_spider_hilbert_6_sides_1_open,
          nicolae_spider_hilbert_6_sides_1_open,
          nicolae_spider_hilbert_6_sides_1_open,
          nicolae_spider_hilbert_6_sides_1_open]
Spider:4: grunt_spider_rune_circles
Slime:1:  layout_caves
Slime:2:  layout_caves
Slime:3:  nicolae_slime_pool, layout_caves, cheibrodos_slime_lost_civilization_7
Slime:4:  layout_caves
Slime:5:  slime_pit_nicolae_trefoil
Orc:1:    layout_caves, regret_index_xom_of_box
Orc:2:    st_orc_elflike, layout_caves
Elf:1:    eino_elf_arrival_customs, layout_loops_corners, serial_shops,
          nicolae_shop_window_shopping, nicolae_elf_shapeshifter_party,
          item_on_display_a, uniq_kirke
Elf:2:    nicolae_elf_blades_splatter_lattice [grunt_blade_entry_basic],
          layout_geoelf_octagon, serial_glass, glass_columns_a, glass_columns_b,
          due_unseen_surprise, feat_on_display, item_on_display_a,
          feat_on_display, amcnicky_mini_rare_corridor_liquid
Elf:3:    minmay_elf_hall_circle, layout_loops_cross, feat_on_display,
          uniq_mara, uniq_roxanne
Vaults:1: nicolae_vaults_wrenched, st_diamondy, nicolae_vaults_big_angled_halls,
          v_pattern_5, nicolae_vaults_closet_pinwheel_3, vaults_room_corners,
          vaults_room_fours, nicolae_vaults_frosty_reception,
          nicolae_vaults_trapezoid_1, layout_vaults_omnigrid, serial_shops,
          shop, shop, shop, nicolae_shop_rolling_square, shop
Vaults:2: nicolae_vaults_tetromino_L_2, hangedman_vaults_stagger, v_pattern_1,
          ontoclasm_vaults_eye, v_misc_16, v_misc_14,
          nicolae_vaults_sealed_display, minmay_crypt_entry_simple_corners,
          nicolae_vaults_storage_closets_3, nicolae_vaults_trapezoid_lopsided_3,
          vaults_mumra_minichess_inversion, nicolae_vaults_tetromino_Z_2,
          vaults_room_hangedman_quadrants, layout_vaults_big_room, uniq_boris
Vaults:3: ontoclasm_vaults_misaligned, nicolae_vaults_closet_pinwheel_2,
          nicolae_vaults_ellipses_ellipsis, v_misc_14,
          hangedman_vaults_river_flow, nicolae_vaults_surprise_closet_hard,
          hangedman_vaults_restitches, nicolae_vaults_what_the_h,
          nicolae_vaults_little_squares_6, nicolae_vaults_diamond_1,
          layout_vaults_omnicross, serial_shops, shop, uniq_frederick
Vaults:4: ebering_ghost_inner_flame, vaults_dpeg_doors,
          nicolae_vaults_little_squares_3, hangedman_vaults_variations,
          nicolae_vaults_network_s, dpeg_vaults_monster_row,
          nicolae_vaults_layer_cake_slice,
          nicolae_vaults_windows_and_doors_thing, nicolae_vaults_network_square,
          nicolae_vaults_house_1, nicolae_vaults_layer_cake_slice,
          nicolae_vaults_storage_room_statues, layout_vaults_ring, uniq_donald,
          uniq_sojobo
Vaults:5: serial_shops
Crypt:1:  cheibrodos_crypt_down_in_the_bonehoard, layout_misc_corridors,
          lemuel_mausoleum_altar_kikubaaqudgha
Crypt:2:  gammafunk_the_bubble [the_bubble_gammafunk_split], layout_gridlike,
          basic_altar, minmay_guarded_unrand_skullcrusher, uniq_saint_roka,
          uniq_zenata
Crypt:3:  cryptofortress_bobbens
Tomb:1:   uniq_mennas
Tomb:2
Tomb:3
Depths:1: layout_gridville, enter_ziggurat_c,
          hangedman_abyss_or_decor_jellyfish_corner, serial_shops, shop,
          pf_coc_iceberg, laboratory, uniq_asterion
Depths:2: minmay_containers, layout_cave_shapes, grunt_hell_entry_dis_mu,
          lemuel_crystal_altar, rand_demon_pan_entry_1
Depths:3: grunt_deathspiral_small, layout_cave_pools, hell_entry, abyss_entry,
          nicolae_transporter_intersection, infiniplex_staircase_star,
          uniq_xtahua
Depths:4: grunt_crosshair, layout_gridville, serial_shops, statue_bzr,
          lightli_too_deep, chequers_serial_rivers_micro_c,
          gammafunk_ghost_wrathful_warriors, nicolae_kite_square_tiling_tiny
Hell
Zot:1:    nicolae_zot_draconian_monastery, layout_gridlike, uniq_tiamat
Zot:2:    layout_onion_interference
Zot:3:    layout_misc_corridors, gammafunk_ghost_mausoleum, st_stairs_6,
          bh_zot_levy_curve, hangedman_spider_trapstep
Zot:4:    hangedman_snap_crack_crunch, layout_onion_interference
Zot:5:    layout_basic, nicolae_shop_clearance

Skill      XL: |  1  2  3  4  5  6  7  8  9 10 11 12 13 14 15 16 17 18 19 20 21 22 23 24 25 26 27 |
---------------+----------------------------------------------------------------------------------+-----
Spellcasting   | 4 6 7 8 13 15 18 21 23 27 | 27.0
Summonings     | 5 6 7 8 10 13 15 17 19 20 21 25 | 25.1
Dodging        | 5 8 12 13 15 23 | 23.3
Fire Magic     | 1 5 6 11 12 13 14 25 | 25.0
Ranged Weapons | 6 9 19 | 19.4
Fighting       | 4 7 8 10 11 17 | 17.6
Necromancy     | 6 7 13 16 20 25 | 25.6
Invocations    | 2 7 8 10 13 15 17 | 17.1
Evocations     | 6 9 22 | 22.0
Armour         | 5 13 | 13.1
Shields        | 5 7 8 12 14 15 | 15.9
Stealth        | 8 14 | 14.1
Long Blades    | 7 9 11 14 | 14.0
Ice Magic      | 16 19 | 19.4
Air Magic      | 22 | 22.1
Throwing       | 14 | 14.1
Hexes          | 4 |  4.0
Alchemy        | 5 |  5.4

Action                     |  1- 3 |  4- 6 |  7- 9 | 10-12 | 13-15 | 16-18 | 19-21 | 22-24 | 25-27 || total
---------------------------+-------+-------+-------+-------+-------+-------+-------+-------+-------++-------
  Melee: Unarmed           |     3 |       |       |       |       |       |       |       |       ||     3
         Short sword       |     7 |       |       |       |       |       |       |       |       ||     7
         Dagger            |     6 |    14 |    14 |       |     1 |       |       |       |       ||    35
         Punch             |       |       |     1 |       |       |       |       |       |       ||     1
         Whip              |       |       |       |       |     6 |    61 |    32 |       |       ||    99
         Scimitar          |       |       |       |       |       |       |    37 |    58 |   472 ||   567
         Demon blade       |       |       |       |       |       |       |       |       |   505 ||   505
         Eudemon blade     |       |       |       |       |       |       |       |       |    13 ||    13
         Staff             |       |       |       |       |       |       |       |       |     4 ||     4
   Fire: Shortbow          |       |       |    87 |   247 |   384 |       |       |       |       ||   718
         Hand cannon       |       |       |       |       |       |       |       |       |     4 ||     4
  Throw: Javelin           |       |       |       |       |       |       |       |       |     1 ||     1
   Cast: Summon Small Mamm |    61 |    17 |    17 |       |       |       |       |       |       ||    95
         Call Imp          |    12 |    11 |    29 |     6 |     3 |       |       |       |       ||    61
         Call Canine Famil |       |    16 |    63 |    75 |    35 |     8 |       |     1 |       ||   198
         Summon Blazeheart |       |       |     6 |    23 |    10 |       |       |       |       ||    39
         Martyr's Knell    |       |       |     4 |    16 |     7 |       |       |     2 |     6 ||    35
         Summon Lightning  |       |       |       |    34 |    75 |     2 |       |       |       ||   111
         Summon Hydra      |       |       |       |       |   170 |   308 |   170 |    74 |    63 ||   785
         Monstrous Menager |       |       |       |       |     3 |   175 |    92 |   114 |   141 ||   525
         Dragon's Call     |       |       |       |       |     1 |     9 |    19 |    15 |    84 ||   128
         Haunt             |       |       |       |       |       |    21 |    75 |   181 |   382 ||   659
         Ignition          |       |       |       |       |       |       |     8 |    24 |   222 ||   254
         Infestation       |       |       |       |       |       |       |       |     8 |    41 ||    49
         Summon Horrible T |       |       |       |       |       |       |       |       |   223 ||   223
         Death's Door      |       |       |       |       |       |       |       |       |    17 ||    17
         Shatter           |       |       |       |       |       |       |       |       |     5 ||     5
         Anguish           |       |       |       |       |       |       |       |       |    75 ||    75
         Death Channel     |       |       |       |       |       |       |       |       |    62 ||    62
         Maxwell's Capacit |       |       |       |       |       |       |       |       |    24 ||    24
         Yara's Violent Un |       |       |       |       |       |       |       |       |    21 ||    21
         Passage of Golubr |       |       |       |       |       |       |       |       |    10 ||    10
         Swiftness         |       |       |       |       |       |       |       |       |     3 ||     3
         Apportation       |       |       |       |       |       |       |       |       |     3 ||     3
         Polar Vortex      |       |       |       |       |       |       |       |       |     2 ||     2
         Disjunction       |       |       |       |       |       |       |       |       |     1 ||     1
         Discord           |       |       |       |       |       |       |       |       |     1 ||     1
         Chain Lightning   |       |       |       |       |       |       |       |       |     1 ||     1
 Invoke: Channel Magic     |       |       |       |     1 |     6 |    10 |    10 |    14 |   110 ||   151
         Divine Exegesis   |       |       |       |       |     1 |     2 |     1 |       |    12 ||    16
  Evoke: Wand              |       |       |       |     8 |     5 |     2 |     5 |     4 |    14 ||    38
         Phial of floods   |       |       |       |       |     2 |       |       |     3 |     1 ||     6
         Sack of spiders   |       |       |       |       |     1 |       |       |       |     1 ||     2
         Condenser vane    |       |       |       |       |       |       |       |       |     4 ||     4
         Figurine of a zig |       |       |       |       |       |       |       |       |     2 ||     2
    Use: Scroll            |       |     1 |    15 |     5 |     8 |     7 |     4 |     8 |    36 ||    84
         Potion            |       |       |     3 |     4 |     2 |       |     3 |     3 |    51 ||    66
   Stab: Sleeping          |     1 |       |     1 |       |     2 |       |     3 |       |    12 ||    19
         Distracted        |       |     1 |       |       |       |     4 |     6 |     6 |    54 ||    71
         Paralysed         |       |       |       |       |       |     4 |       |       |     3 ||     7
         Confused          |       |       |       |       |       |       |       |       |     4 ||     4
 Armour: Robe              |    23 |     8 |       |       |   116 |   122 |   109 |   125 |   552 ||  1055
         Ring mail         |       |     1 |    76 |   150 |    61 |       |       |       |   145 ||   433
  Dodge: Dodged            |    32 |    20 |    68 |   115 |   239 |   221 |   241 |   171 |   924 ||  2031
  Block: Buckler           |       |       |       |       |    17 |    93 |    82 |    59 |       ||   251
         Kite shield       |       |       |       |       |       |       |       |       |  1203 ||  1203
         Reflection        |       |       |       |       |       |       |       |       |    35 ||    35

Table legend: (Time is in decaauts)
 A = Elapsed time spent in this place.
 B = Non-inter-level travel time spent in this place.
 C = Inter-level travel time spent in this place.
 D = Time resting spent in this place.
 E = Time spent auto-exploring this place.
 F = Levels seen in this place.
 G = Mean time per level.
                   A        B        C        D        E       F      G
               +--------+--------+--------+--------+--------+-----+--------+
         Total | 130135 | 118430 |  11705 |  28457 |  61882 | 118 | 1102.8 |
       Dungeon |  23060 |  19755 |   3305 |   2383 |  13501 |  15 | 1537.3 |
          Lair |   8599 |   7796 |    803 |   1407 |   4958 |   5 | 1719.8 |
         Swamp |   5982 |   5847 |    135 |    826 |   4272 |   4 | 1495.5 |
   Spider Nest |  10264 |   9997 |    267 |   2456 |   6070 |   4 | 2566.0 |
    Slime Pits |   4502 |   4358 |    144 |   1384 |   2380 |   5 |  900.4 |
  Orcish Mines |   2904 |   2352 |    552 |    454 |   1452 |   2 | 1452.0 |
   Elven Halls |   6183 |   5637 |    546 |    955 |   3478 |   3 | 2061.0 |
        Vaults |  14292 |  12673 |   1619 |   2504 |   8243 |   5 | 2858.4 |
         Crypt |   7670 |   6688 |    982 |   2260 |   2956 |   3 | 2556.7 |
          Tomb |   6403 |   4989 |   1414 |   2123 |    995 |   3 | 2134.3 |
        Depths |   9989 |   8720 |   1269 |   2977 |   3920 |   4 | 2497.2 |
          Hell |    820 |    802 |     18 |     32 |    603 |   1 |  820.0 |
           Zot |   8715 |   8069 |    646 |   1683 |   4563 |   5 | 1743.0 |
         Abyss |   1899 |   1899 |      0 |     59 |    257 |   8 |  237.4 |
   Pandemonium |  10779 |  10779 |      0 |   2756 |   3078 |  12 |  898.2 |
      Ziggurat |   6765 |   6765 |      0 |   3447 |   1033 |  37 |  182.8 |
        Bazaar |     65 |     65 |      0 |      0 |     16 |   1 |   65.0 |
        Bailey |   1236 |   1236 |      0 |    747 |     97 |   1 | 1236.0 |
               +--------+--------+--------+--------+--------+-----+--------+

Top non-repeatable levels by time:
  Tomb:1: 4440 daAuts
Vaults:4: 3683 daAuts
Spider:3: 3596 daAuts
Vaults:1: 3564 daAuts
 Crypt:3: 3280 daAuts
Depths:3: 3157 daAuts
Vaults:2: 3082 daAuts
Spider:1: 2832 daAuts
 Crypt:1: 2726 daAuts
Depths:2: 2585 daAuts
Depths:4: 2486 daAuts
   Elf:3: 2471 daAuts
Spider:4: 2412 daAuts
    D:13: 2385 daAuts
     D:9: 2369 daAuts

Table legend:
 A = Kills in this place as a percentage of kills in the entire game.
 B = Kills by you in this place as a percentage of kills by you in the entire game.
 C = Kills by friends in this place as a percentage of kills by friends in the entire game.
 D = Other kills in this place as a percentage of other kills in the entire game.
 E = Experience gained in this place as a percentage of experience gained in the entire game.
 F = Experience gained in this place divided by the number of levels of this place that you have seen.
                   A       B       C       D       E      F
               +-------+-------+-------+-------+-------+----------------------
         Total | 100.0 | 100.0 | 100.0 | 100.0 | 100.0 | 29539.1
       Dungeon |   8.5 |   6.1 |   9.7 |   2.4 |   2.9 | 6811.7
          Lair |   4.2 |   3.1 |   4.8 |   0.0 |   1.6 | 11126.8
         Swamp |   2.5 |   0.1 |   3.6 |   0.0 |   1.8 | 15730.2
   Spider Nest |   5.1 |   0.3 |   7.3 |   2.4 |   3.2 | 28000.8
    Slime Pits |   3.7 |   2.3 |   4.4 |   0.0 |   3.1 | 21795.4
  Orcish Mines |   1.3 |   1.3 |   1.3 |   0.0 |   0.4 | 7303.0
   Elven Halls |   3.1 |   0.4 |   4.3 |   2.4 |   3.1 | 36151.7
        Vaults |  10.3 |   6.6 |  12.1 |   1.2 |  10.8 | 75034.2
         Crypt |   5.1 |   2.8 |   6.2 |   0.0 |   4.8 | 55503.0
          Tomb |   4.9 |   4.2 |   5.3 |   1.2 |   6.7 | 77682.0
        Depths |   5.2 |   1.7 |   6.8 |   3.7 |   6.7 | 58705.2
          Hell |   1.0 |   0.4 |   1.0 |   9.8 |   1.1 | 37627.0
           Zot |   6.3 |   3.9 |   7.1 |  18.3 |  10.5 | 73332.6
         Abyss |   3.9 |   4.8 |   3.6 |   1.2 |   2.7 | 11797.4
   Pandemonium |  12.5 |   8.9 |  13.5 |  34.1 |  14.4 | 41773.4
      Ziggurat |  21.3 |  52.2 |   7.9 |  23.2 |  26.1 | 24548.8
        Bailey |   1.0 |   0.8 |   1.1 |   0.0 |   0.1 | 3034.0
               +-------+-------+-------+-------+-------+----------------------

Levels and vault maps discovered:
D:1:      wheals_arrival_shading, layout_basic
D:2:      layout_rooms, basic_altar
D:3:      layout_basic, pf_just_have_faith, serial_shops,
          nicolae_shop_advertising_works [nicolae_subvault_shop_adworks],
          dk_noncrumbling_2, chequers_serial_rivers_marsh, uniq_grinder
D:4:      layout_loops_corners, lemuel_crystal_altar,
          nicolae_tso_carved_into_rock, corexii_hall_statues_x
D:5:      layout_basic, mainiacjoe_overflow_alcove_1,
          nicolae_sif_muna_little_library
D:6:      layout_basic, nzn_wu_jian_contemplation, fiery_altar_vehumet,
          minmay_temple_entry_antechambers
D:7:      cheibrodos_fertilizer, layout_loops_ring,
          mainiacjoe_overflow_concentric_impassable, grunt_temple_overflow_open
D:8:      layout_loops_corners, gammafunk_temple_overflow_statue, serial_shops,
          shop, uniq_joseph, uniq_psyche
D:9:      layout_basic, lemuel_doored_altar, hiddenorc1_lemuel,
          serial_co_window_serial, co_window_paths_b,
          co_window_of_opportunity_a, co_window_paths_b, co_window_corner_a,
          co_window_paths_a, co_window_corner_b, co_window_broadway_c,
          co_window_paths_c, co_window_unsneaky_path_d, co_window_2corner,
          co_window_unsneaky_path_b, co_window_2corner, co_window_paths_d,
          glass_columns_b, glass_columns_b, uniq_erica, uniq_pikel
D:10:     minmay_shrinking_squares, layout_long_grid, enter_bailey_4,
          uniq_sonja, uniq_fannar
D:11:     layout_rooms, minmay_lair_entry_grove, serial_shops,
          nicolae_shop_tiny_glass, serial_glass, glass_columns_a,
          glass_columns_c, due_unseen_surprise
D:12:     layout_roguey, the_hattery, uniq_maurice
D:13:     layout_loops_ring, hellmonk_vaults_keyhole, uniq_frances, uniq_rupert
D:14:     layout_gridville, elyvilon_altar_5, minmay_shop_enchanted_jewellery,
          uniq_jorgrun, uniq_agnes, uniq_josephine, uniq_lodul, uniq_snorg
D:15:     hangedman_depths_entry_civil_slaughter, layout_gridville,
          gammafunk_ghost_ooze, minmay_strange_pillars
Lair:1:   wander_river, layout_regular_city, grunt_megastairs_5, uniq_gastronok
Lair:2:   layout_small_grid, nicolae_spider_entry_non_spiders,
          grunt_forest_stairs_clearing, serial_bayou_shore_b
Lair:3:   layout_roguey, minmay_swamp_entry_worms
Lair:4:   layout_regular_city, minmay_slime_entry_pillars, lemuel_fruit_fields
Lair:5:   hellmonk_lair_end_abyssal_woods, layout_small_grid,
          ebering_ghost_funeral_grove, st_stairs_8, infiniplex_staircase_pool_2
Swamp:1:  layout_falls_marsh, evilmike_swamp_ruin_rubble_2, swamp_pool_3,
          infiniplex_staircase_pool
Swamp:2:  layout_basic_swamp, evilmike_swamp_ruin_house_4,
          nicolae_swamp_tree_isthmus
Swamp:3:  layout_basic_swamp, serial_swamp_ruin, hangedman_swamp_ruin_hall,
          evilmike_swamp_ruin_house_2
Swamp:4:  swamp_old_school, layout_basic_swamp, hangedman_swamp_blocks
Spider:1: layout_chambers, nicolae_spider_spiderdrome
Spider:2: layout_spider_delve, uniq_arachne
Spider:3: nicolae_spider_hilbert_zone_2 [nicolae_spider_hilbert_4_sides_1_open,
          nicolae_spider_hilbert_4_sides_1_open,
          nicolae_spider_hilbert_4_sides_1_open,
          nicolae_spider_hilbert_4_sides_1_open,
          nicolae_spider_hilbert_6_sides_1_open,
          nicolae_spider_hilbert_6_sides_1_open,
          nicolae_spider_hilbert_3_sides_1_open,
          nicolae_spider_hilbert_3_sides_1_open,
          nicolae_spider_hilbert_3_sides_1_open,
          nicolae_spider_hilbert_3_sides_1_open,
          nicolae_spider_hilbert_6_sides_1_open,
          nicolae_spider_hilbert_6_sides_1_open,
          nicolae_spider_hilbert_6_sides_1_open,
          nicolae_spider_hilbert_6_sides_1_open]
Spider:4: grunt_spider_rune_circles
Slime:1:  layout_caves
Slime:2:  layout_caves
Slime:3:  nicolae_slime_pool, layout_caves, cheibrodos_slime_lost_civilization_7
Slime:4:  layout_caves
Slime:5:  slime_pit_nicolae_trefoil
Orc:1:    layout_caves, regret_index_xom_of_box
Orc:2:    st_orc_elflike, layout_caves
Elf:1:    eino_elf_arrival_customs, layout_loops_corners, serial_shops,
          nicolae_shop_window_shopping, nicolae_elf_shapeshifter_party,
          item_on_display_a, uniq_kirke
Elf:2:    nicolae_elf_blades_splatter_lattice [grunt_blade_entry_basic],
          layout_geoelf_octagon, serial_glass, glass_columns_a, glass_columns_b,
          due_unseen_surprise, feat_on_display, item_on_display_a,
          feat_on_display, amcnicky_mini_rare_corridor_liquid
Elf:3:    minmay_elf_hall_circle, layout_loops_cross, feat_on_display,
          uniq_mara, uniq_roxanne
Vaults:1: nicolae_vaults_wrenched, st_diamondy, nicolae_vaults_big_angled_halls,
          v_pattern_5, nicolae_vaults_closet_pinwheel_3, vaults_room_corners,
          vaults_room_fours, nicolae_vaults_frosty_reception,
          nicolae_vaults_trapezoid_1, layout_vaults_omnigrid, serial_shops,
          shop, shop, shop, nicolae_shop_rolling_square, shop
Vaults:2: nicolae_vaults_tetromino_L_2, hangedman_vaults_stagger, v_pattern_1,
          ontoclasm_vaults_eye, v_misc_16, v_misc_14,
          nicolae_vaults_sealed_display, minmay_crypt_entry_simple_corners,
          nicolae_vaults_storage_closets_3, nicolae_vaults_trapezoid_lopsided_3,
          vaults_mumra_minichess_inversion, nicolae_vaults_tetromino_Z_2,
          vaults_room_hangedman_quadrants, layout_vaults_big_room, uniq_boris
Vaults:3: ontoclasm_vaults_misaligned, nicolae_vaults_closet_pinwheel_2,
          nicolae_vaults_ellipses_ellipsis, v_misc_14,
          hangedman_vaults_river_flow, nicolae_vaults_surprise_closet_hard,
          hangedman_vaults_restitches, nicolae_vaults_what_the_h,
          nicolae_vaults_little_squares_6, nicolae_vaults_diamond_1,
          layout_vaults_omnicross, serial_shops, shop, uniq_frederick
Vaults:4: ebering_ghost_inner_flame, vaults_dpeg_doors,
          nicolae_vaults_little_squares_3, hangedman_vaults_variations,
          nicolae_vaults_network_s, dpeg_vaults_monster_row,
          nicolae_vaults_layer_cake_slice,
          nicolae_vaults_windows_and_doors_thing, nicolae_vaults_network_square,
          nicolae_vaults_house_1, nicolae_vaults_layer_cake_slice,
          nicolae_vaults_storage_room_statues, layout_vaults_ring, uniq_donald,
          uniq_sojobo
Vaults:5: serial_shops
Crypt:1:  cheibrodos_crypt_down_in_the_bonehoard, layout_misc_corridors,
          lemuel_mausoleum_altar_kikubaaqudgha
Crypt:2:  gammafunk_the_bubble [the_bubble_gammafunk_split], layout_gridlike,
          basic_altar, minmay_guarded_unrand_skullcrusher, uniq_saint_roka,
          uniq_zenata
Crypt:3:  cryptofortress_bobbens
Tomb:1:   uniq_mennas
Tomb:2
Tomb:3
Depths:1: layout_gridville, enter_ziggurat_c,
          hangedman_abyss_or_decor_jellyfish_corner, serial_shops, shop,
          pf_coc_iceberg, laboratory, uniq_asterion
Depths:2: minmay_containers, layout_cave_shapes, grunt_hell_entry_dis_mu,
          lemuel_crystal_altar, rand_demon_pan_entry_1
Depths:3: grunt_deathspiral_small, layout_cave_pools, hell_entry, abyss_entry,
          nicolae_transporter_intersection, infiniplex_staircase_star,
          uniq_xtahua
Depths:4: grunt_crosshair, layout_gridville, serial_shops, statue_bzr,
          lightli_too_deep, chequers_serial_rivers_micro_c,
          gammafunk_ghost_wrathful_warriors, nicolae_kite_square_tiling_tiny
Hell
Zot:1:    nicolae_zot_draconian_monastery, layout_gridlike, uniq_tiamat
Zot:2:    layout_onion_interference
Zot:3:    layout_misc_corridors, gammafunk_ghost_mausoleum, st_stairs_6,
          bh_zot_levy_curve, hangedman_spider_trapstep
Zot:4:    hangedman_snap_crack_crunch, layout_onion_interference
Zot:5:    layout_basic, nicolae_shop_clearance

Action                     |  1- 3 |  4- 6 |  7- 9 | 10-12 | 13-15 | 16-18 | 19-21 | 22-24 | 25-27 || total
---------------------------+-------+-------+-------+-------+-------+-------+-------+-------+-------++-------
  Melee: Unarmed           |     3 |       |       |       |       |       |       |       |       ||     3
         Short sword       |     7 |       |       |       |       |       |       |       |       ||     7
         Dagger            |     6 |    14 |    14 |       |     1 |       |       |       |       ||    35
         Punch             |       |       |     1 |       |       |       |       |       |       ||     1
         Whip              |       |       |       |       |     6 |    61 |    32 |       |       ||    99
         Scimitar          |       |       |       |       |       |       |    37 |    58 |   472 ||   567
         Demon blade       |       |       |       |       |       |       |       |       |   505 ||   505
         Eudemon blade     |       |       |       |       |       |       |       |       |    13 ||    13
         Staff             |       |       |       |       |       |       |       |       |     4 ||     4
   Fire: Shortbow          |       |       |    87 |   247 |   384 |       |       |       |       ||   718
         Hand cannon       |       |       |       |       |       |       |       |       |     4 ||     4
  Throw: Javelin           |       |       |       |       |       |       |       |       |     1 ||     1
   Cast: Summon Small Mamm |    61 |    17 |    17 |       |       |       |       |       |       ||    95
         Call Imp          |    12 |    11 |    29 |     6 |     3 |       |       |       |       ||    61
         Call Canine Famil |       |    16 |    63 |    75 |    35 |     8 |       |     1 |       ||   198
         Summon Blazeheart |       |       |     6 |    23 |    10 |       |       |       |       ||    39
         Martyr's Knell    |       |       |     4 |    16 |     7 |       |       |     2 |     6 ||    35
         Summon Lightning  |       |       |       |    34 |    75 |     2 |       |       |       ||   111
         Summon Hydra      |       |       |       |       |   170 |   308 |   170 |    74 |    63 ||   785
         Monstrous Menager |       |       |       |       |     3 |   175 |    92 |   114 |   141 ||   525
         Dragon's Call     |       |       |       |       |     1 |     9 |    19 |    15 |    84 ||   128
         Haunt             |       |       |       |       |       |    21 |    75 |   181 |   382 ||   659
         Ignition          |       |       |       |       |       |       |     8 |    24 |   222 ||   254
         Infestation       |       |       |       |       |       |       |       |     8 |    41 ||    49
         Summon Horrible T |       |       |       |       |       |       |       |       |   223 ||   223
         Death's Door      |       |       |       |       |       |       |       |       |    17 ||    17
         Shatter           |       |       |       |       |       |       |       |       |     5 ||     5
         Anguish           |       |       |       |       |       |       |       |       |    75 ||    75
         Death Channel     |       |       |       |       |       |       |       |       |    62 ||    62
         Maxwell's Capacit |       |       |       |       |       |       |       |       |    24 ||    24
         Yara's Violent Un |       |       |       |       |       |       |       |       |    21 ||    21
         Passage of Golubr |       |       |       |       |       |       |       |       |    10 ||    10
         Swiftness         |       |       |       |       |       |       |       |       |     3 ||     3
         Apportation       |       |       |       |       |       |       |       |       |     3 ||     3
         Polar Vortex      |       |       |       |       |       |       |       |       |     2 ||     2
         Disjunction       |       |       |       |       |       |       |       |       |     1 ||     1
         Discord           |       |       |       |       |       |       |       |       |     1 ||     1
         Chain Lightning   |       |       |       |       |       |       |       |       |     1 ||     1
 Invoke: Channel Magic     |       |       |       |     1 |     6 |    10 |    10 |    14 |   110 ||   151
         Divine Exegesis   |       |       |       |       |     1 |     2 |     1 |       |    12 ||    16
  Evoke: Wand              |       |       |       |     8 |     5 |     2 |     5 |     4 |    14 ||    38
         Phial of floods   |       |       |       |       |     2 |       |       |     3 |     1 ||     6
         Sack of spiders   |       |       |       |       |     1 |       |       |       |     1 ||     2
         Condenser vane    |       |       |       |       |       |       |       |       |     4 ||     4
         Figurine of a zig |       |       |       |       |       |       |       |       |     2 ||     2
    Use: Scroll            |       |     1 |    15 |     5 |     8 |     7 |     4 |     8 |    36 ||    84
         Potion            |       |       |     3 |     4 |     2 |       |     3 |     3 |    51 ||    66
   Stab: Sleeping          |     1 |       |     1 |       |     2 |       |     3 |       |    12 ||    19
         Distracted        |       |     1 |       |       |       |     4 |     6 |     6 |    54 ||    71
         Paralysed         |       |       |       |       |       |     4 |       |       |     3 ||     7
         Confused          |       |       |       |       |       |       |       |       |     4 ||     4
 Armour: Robe              |    23 |     8 |       |       |   116 |   122 |   109 |   125 |   552 ||  1055
         Ring mail         |       |     1 |    76 |   150 |    61 |       |       |       |   145 ||   433
  Dodge: Dodged            |    32 |    20 |    68 |   115 |   239 |   221 |   241 |   171 |   924 ||  2031
  Block: Buckler           |       |       |       |       |    17 |    93 |    82 |    59 |       ||   251
         Kite shield       |       |       |       |       |       |       |       |       |  1203 ||  1203
         Reflection        |       |       |       |       |       |       |       |       |    35 ||    35
